Workbook
Name _NumberTeachingStaff: 'Quality Center Profile'!$A$30
Name _NumberTeachingStaff: 'Quality Center Profile'!$A$30
Name _NumberTeachingStaffFCC: 'Quality Home Profile'!$A$38
Name AAdegree: #REF!
Name AAdegree: 'Cuidado infantil en centros'!#REF!
Name AAdegree_FCC: 'Cuidado infantil familiar'!#REF!
Name AAdegree2: 'Cuidado infantil en centros'!#REF!
Name AdditionalBenefits: #REF!
Name AdditionalBenefits: 'Quality Center Profile'!$D$46
Name AdditionalBenefits_FCC: 'Quality Home Profile'!#REF!
Name Addl_benefits_per_staff: 'Quality Center Profile'!$C$46
Name Addl_benefits_per_staff_FCC: 'Quality Home Profile'!#REF!
Name Admin_Staff: #REF!
Name Admin_Staff: 'Quality Center Profile'!$D$22
Name Admin_Staff_FCC: 'Quality Home Profile'!#REF!
Name Administration__by_child: #REF!
Name Administration__by_child: #REF!
Name Administraton_by_Child_FCC: #REF!
Name Asst_Teacher: #REF!
Name Asst_Teacher: 'Quality Center Profile'!$D$25
Name Asst_Teacher_FCC: 'Quality Home Profile'!$C$26
Name Asst_TeacherIT: 'Quality Center Profile'!$D$25
Name AsstTeacherFCC: 'Quality Home Profile'!#REF!
Name BadDebt: #REF!
Name BadDebt: 'Cuidado infantil en centros'!$C$43
Name BadDebt_FCC: 'Cuidado infantil familiar'!$D$41
Name BAdegree: #REF!
Name BAdegree: 'Cuidado infantil en centros'!#REF!
Name BLSsalary: #REF!
Name BLSsalary: #REF!
Name City_Fours: #REF!
Name City_Fours: #REF!
Name City_Fours: #REF!
Name City_Infants: #REF!
Name City_Infants: #REF!
Name City_Infants: #REF!
Name City_Threes: #REF!
Name City_Threes: #REF!
Name City_Threes: #REF!
Name City_Toddlers: #REF!
Name City_Toddlers: #REF!
Name City_Toddlers: #REF!
Name COunty: #REF!
Name COunty: 'Cuidado infantil en centros'!#REF!
Name Edprogram2: '[1]Quality Center Profile'!$D$58
Name Education_Program__by_child: #REF!
Name Education_Program__by_child: #REF!
Name EnhRatio: #REF!
Name EnhRatio: 'Cuidado infantil en centros'!#REF!
Name EnhSpace: #REF!
Name EnhSpace: 'Cuidado infantil en centros'!#REF!
Name EnrollEffic: #REF!
Name EnrollEffic: 'Cuidado infantil en centros'!$C$42
Name EnrollEffic_FCC: 'Cuidado infantil familiar'!$D$40
Name Floater_Assts: #REF!
Name Floater_Assts: 'Quality Center Profile'!$D$28
Name Fours: 'Quality Center Profile'!#REF!
Name Fours_City_Target_Subsidies: '[2]VariablesINPUT-CTR'!$E$29
Name Fours_Contract: '[3]VariablesINPUT-CTR'!$D$29
Name Fours_Private_Tuition: 'Cuidado infantil en centros'!#REF!

Sheet Cuidado infantil en centros
B1: Modelo de costos de cuidado infantil de Nebraska - 2024 | H1: Licencia | I1: NAEYC | J1: CFOC | K1: Usuario ingresado
H2: Licensing | I2: Best | K2: EHS | L2: Aspirational
B3: Los elementos en las celdas sombreadas en AMARILLO son para ENTRADA para modelar diferentes 'perfiles' de centro. Por favor no cambie ninguna otra celda en esta hoja
B4: Los elementos en las celdas sombreadas en VERDE son para ENTRADA para modelar diferentes variables. Por favor no cambie ninguna otra celda en esta hoja
H5: Licensing | I5: Point 2
B6: REGIÓN | C6: En todo el estado | D6: seleccionar del menú desplegable | E6: Urbano | F6: Rural | G6: En todo el estado
B8: TAMAÑO del CENTRO
B9: Reglas de proporción y tamaño del grupo | C9: Licencia | D9: seleccionar del menú desplegable
B11: Edad | C11: Numero de aulas | D11: Proporciones | E11: Tamaño del grupo | F11: # Niños/Edad | H11: Usuario ingresado PROPORCIONES | I11: Usuario ingresadoTamaño del grupo
B12: =Ratios!A3 -> Infantes | C12: 1 | D12: =IF(C$9=H$1,Ratios!B3,IF(C$9=I$1,Ratios!C3,IF(C$9=J$1,Ratios!D3,H12))) -> 4 | E12: =IF(C$9=H$1,Ratios!B11,IF(C$9=I$1,Ratios!C11,IF(C$9=J$1,Ratios!D11,I12))) -> 12 | F12: =C12*E12 -> 12 | G12: Para anular la proporción predeterminada y el tamaño del grupo, ingrese nuevos valores en las columnas H e I aquí -----> | J12: CFOC | K12: User Entered
B13: =Ratios!A4 -> Niños pequeños | C13: 1 | D13: =IF(C$9=H$1,Ratios!B4,IF(C$9=I$1,Ratios!C4,IF(C$9=J$1,Ratios!D4,H13))) -> 6 | E13: =IF(C$9=H$1,Ratios!B12,IF(C$9=I$1,Ratios!C12,IF(C$9=J$1,Ratios!D12,I13))) -> 12 | F13: =C13*E13 -> 12
B14: =Ratios!A5 -> 2 años de edad | C14: 1 | D14: =IF(C$9=H$1,Ratios!B5,IF(C$9=I$1,Ratios!C5,IF(C$9=J$1,Ratios!D5,H14))) -> 6 | E14: =IF(C$9=H$1,Ratios!B13,IF(C$9=I$1,Ratios!C13,IF(C$9=J$1,Ratios!D13,I14))) -> 12 | F14: =C14*E14 -> 12
B15: =Ratios!A6 -> 3 años de edad | C15: 1 | D15: =IF(C$9=H$1,Ratios!B6,IF(C$9=I$1,Ratios!C6,IF(C$9=J$1,Ratios!D6,H15))) -> 10 | E15: =IF(C$9=H$1,Ratios!B14,IF(C$9=I$1,Ratios!C14,IF(C$9=J$1,Ratios!D14,I15))) -> 20 | F15: =C15*E15 -> 20
B16: =Ratios!A7 -> 4-5 años de edad | C16: 0 | D16: =IF(C$9=H$1,Ratios!B7,IF(C$9=I$1,Ratios!C7,IF(C$9=J$1,Ratios!D7,H16))) -> 12 | E16: =IF(C$9=H$1,Ratios!B15,IF(C$9=I$1,Ratios!C15,IF(C$9=J$1,Ratios!D15,I16))) -> 24 | F16: =C16*E16 -> 0
B17: =Ratios!A8 -> Edad escolar | C17: 0 | D17: =IF(C$9=H$1,Ratios!B8,IF(C$9=I$1,Ratios!C8,IF(C$9=J$1,Ratios!D8,H17))) -> 15 | E17: =IF(C$9=H$1,Ratios!B16,IF(C$9=I$1,Ratios!C16,IF(C$9=J$1,Ratios!D16,I17))) -> 30 | F17: =C17*E17 -> 0
B18: # TOTAL de aulas | C18: =SUM(C12:C17) -> 4 | E18: # TOTAL de niños | F18: =SUM(F12:F17) -> 56 | L18: BLS ($15 MW Adj)
L19: Salario digno
B20: SALARIOS | L20: Paridad de kindergarten
B21: Fuente de datos salariales | C21: Salario digno | E21: Si el usuario agrega, ingrese manualmente los salarios en la tabla a la derecha---------------> | G21: Anulación de salario | L21: Usuario ingresado
H22: Posición | I22: Salarial annual
H23: Maestra principal | I23: 50000
H24: Maestra asistente | I24: 40000
B25: Beneficios | H25: Directora de programa | I25: 100000
B26: Seguro de salud | C26: Si | D26: Seleccione el monto por empleado de beneficios discrecionales | L26: Si | M26: No
B27: Beneficios de jubilación | C27: 0.03 | D27: ingrese el porcentaje del salario pagado en beneficios
B28: Dias de enfermedad | C28: 10 | D28: ingrese el número anual de días por miembro del personal
B29: Vacaciones pagadas | C29: 10 | D29: ingrese el número anual de días por miembro del personal, sin incluir los días festivos en los que el programa está cerrado
B31: Mejoras del programa: generadores de costos adicionales
D32: Selecciona el nivel
B33: Participación de familias | D33: Cumple con los estándares de licencia | L33: Cumple con los estándares de licencia | M33: 1 conferencia por año | N33: 2 conferencias por año + Especialista de participación familiar
C34: Apoyos al desarrollo profesional | D34: Cumple con los estándares de licencia (12 horas) | L34: Cumple con los estándares de licencia (12 horas) | M34: 24 horas por año | N34: 36 horas por año
B35: Planificación del tiempo de lanzamiento | D35: Cumple con los estándares de licencia | L35: Cumple con los estándares de licencia | M35: 5 horas/semana/aula | N35: 13 horas/semana/aula
B36: Materiales educativos y plan de estudios | D36: Materiales ($250) | L36: Materiales ($250) | M36: Currículo + materiales ($350) + evaluación | N36: Currículo + materiales ($450) + evaluación + evaluación de Desarrollo + Coordinador de educación
B37: Transportación | D37: Ninguno | F37: 0.1 | G37: (ingrese el porcentaje de niños elegibles que utilizan transporte) | L37: Ninguno | M37: Edad escolar | N37: 4-5 años de edad + Edad escolar | O37: Todos los niños
B38: Materiales de inclusión | D38: $250 por niño materiales | L38: Ninguno | M38: $250 por niño materiales | N38: $375 por niño materiales
B39: Apoyos de inclusión y asistente de instrucción | D39: Licensia (Referencias) | F39: 0 | G39: (ingrese el número de niños con IEP/IFSP) | L39: Licensia (Referencias) | M39: Asistente de inclusión - 1:8 | N39: Asistente de inclusión - 1:4
B41: EFICIENCA
B42: Matrícula como % de la capacidad total con personal | C42: 0.85 | D42: 85-95% es típico
B43: Deuda incobrable como % de los ingresos no recaudados | C43: 0.03 | D43: Alrededor del 3% es típico
B45: GANANCIA
B46: Ingrese el número de niños por edad que reciben cada tipo de subsidio usando las celdas AMARILLAS únicamente en la siguiente tabla. La celda de matrícula privada se calculará automáticamente y no debe ser negativa.
C47: Subsidio de cuidado infantil | D47: Matrícula privada | I47: Urbano | J47: Rural | K47: En todo el estado
B48: =B12 -> Infantes | C48: 10 | D48: =F12-C48 -> 2 | I48: Licencia | J48: Acc/Step 3 | K48: Step 4 | L48: Step 5
B49: =B13 -> Niños pequeños | C49: 6 | D49: =F13-C49 -> 6
B50: =B14 -> 2 años de edad | C50: 6 | D50: =F14-C50 -> 6
B51: =B15 -> 3 años de edad | C51: 6 | D51: =F15-C51 -> 14
B52: =B16 -> 4-5 años de edad | C52: 0 | D52: =F16-C52 -> 0
B53: =B17 -> Edad escolar | C53: 0 | D53: =F17-C53 -> 0 | H53: Usuario ingresado- Matrícula
B54: Total | C54: =SUM(C48:C53) -> 28 | D54: =F18-C54 -> 28 | I54: Matrícula mensual
B55: Porcentaje del total | C55: =C54/$F18 -> 0.5 | D55: =D54/$F18 -> 0.5 | H55: Infantes (0-18 meses) | I55: 2000
H56: Niños pequeños (18-36 meses) | I56: 1800
B57: Ingresos adicionales | C57: 100000 | D57: p.ej. subvenciones, donaciones | H57: 2 años de edad | I57: 1500
H58: 3 años de edad | I58: 1500
B59: Nivel de reembolso escalonado del subsidio | C59: Licencia | H59: 4-5 años de edad | I59: 1200
B60: Nivel de matrícula (% de la tasa de mercado) | C60: Usuario ingresado | D60: Para anular la matrícula predeterminada, ingrese los valores en la columna I ------>. | H60: Edad escolar | I60: 800
D61: 50th | E61: 85th | F61: Usuario ingresado | G61: Usuario ingresado
B62: TABLA DE LOS RESULTADOS
B64: RESULTADOS - Nivel de programa | E64: Resultados - Costo por niño (CPC) | G64: Anual | H64: Mensual | I64: Semanalmente
F65: =B12 -> Infantes | G65: ='Quality Center Profile'!H7 -> 27217.038 | H65: =G65/12 -> 2268.0865 | I65: =G65/52 -> 523.40458
B66: Personal total | C66: ='Quality Center Profile'!A18 -> 12.8 | F66: =B13 -> Niños pequeños | G66: ='Quality Center Profile'!H8 -> 22456.751 | H66: =G66/12 -> 1871.3959 | I66: =G66/52 -> 431.8606
B67: Personal docente | C67: =SUM('Quality Center Profile'!A24:A29) -> 10.8 | F67: =B14 -> 2 años de edad | G67: ='Quality Center Profile'!H9 -> 22456.751 | H67: =G67/12 -> 1871.3959 | I67: =G67/52 -> 431.8606
F68: =B15 -> 3 años de edad | G68: ='Quality Center Profile'!H10 -> 17148.282 | H68: =G68/12 -> 1429.0235 | I68: =G68/52 -> 329.77465
B69: GASTOS | F69: =B16 -> 4-5 años de edad | G69: ='Quality Center Profile'!H11 -> 0 | H69: =G69/12 -> 0 | I69: =G69/52 -> 0
B70: Salarios | C70: ='Quality Center Profile'!D38 -> 807813.23 | F70: =B17 -> Edad escolar | G70: ='Quality Center Profile'!H12 -> 0 | H70: =G70/12 -> 0 | I70: =G70/52 -> 0
B71: Beneficios | C71: =SUM('Quality Center Profile'!D44:D46) -> 153777.51
B72: Personal total | C72: =SUM(C70:C71) -> 961590.74
B73: Variables de calidad | C73: ='Quality Center Profile'!D57 -> 0
B74: Exp. del programa educativo | C74: =NP_EdProgram -> 101261.6 | E74: Tasas de subsidio | G74: Subsidio mensual | H74: Brecha mensual entre subsidio y costo
B75: Ocupación | C75: =NP_Occupancy -> 43708 | F75: =F65 -> Infantes | G75: ='Quality Center Profile'!F81 -> 905.125 | H75: =IF(H65>0,(G75-H65),0) -> -1362.9615
B76: Gestión y administración del programa | C76: =NP_MgtAdmin -> 21556.1 | E76: Región de tasa de subsidio: | F76: =F66 -> Niños pequeños | G76: ='Quality Center Profile'!F82 -> 823.33333 | H76: =IF(H66>0,(G76-H66),0) -> -1048.0626
B77: Reserva Operativa | C77: =Reserve_Fund -> 57549.149 | E77: =C6 -> En todo el estado | F77: =F67 -> 2 años de edad | G77: ='Quality Center Profile'!F83 -> 823.33333 | H77: =IF(H67>0,(G77-H67),0) -> -1048.0626
B78: Total no personal | C78: =SUM(C73:C77) -> 224074.85 | E78: Nivel de SUTQ : | F78: =F68 -> 3 años de edad | G78: ='Quality Center Profile'!F84 -> 875.44167 | H78: =IF(H68>0,(G78-H68),0) -> -553.58184
B79: GASTOS TOTAL | C79: =SUM(C72,C78) -> 1185665.6 | E79: =C59 -> Licencia | F79: =F69 -> 4-5 años de edad | G79: ='Quality Center Profile'!F85 -> 875.44167 | H79: =IF(H69>0,(G79-H69),0) -> 0
F80: =F70 -> Edad escolar | G80: ='Quality Center Profile'!F86 -> 492.375 | H80: =IF(H70>0,(G80-H70),0) -> 0
B81: INGRESOS
B82: CACFP | C82: ='Quality Center Profile'!D73 -> 71708
B83: Subsidio | C83: =SUM('Quality Center Profile'!D81:D86) -> 290206.8
B84: Matrícula | C84: =SUM('Quality Center Profile'!D74:D79) -> 353064.4 | E84: Precio del mercado | G84: Matrícula mensual | H84: Brecha mensual entre subsidio y costo
B85: Otro ingresos | C85: ='Quality Center Profile'!D87 -> 100000 | E85: Región de la tasa de mercado: | F85: =F65 -> Infantes | G85: ='Quality Center Profile'!F74 -> 1119.8417 | H85: =IF(H65>0,G85-H65,0) -> -1148.2448
B86: INGRESOS TOTAL | C86: =SUM(C82:C85) -> 814979.2 | E86: =C6 -> En todo el estado | F86: =F66 -> Niños pequeños | G86: ='Quality Center Profile'!F75 -> 1076.5083 | H86: =IF(H66>0,G86-H66,0) -> -794.88759
B87: Ajuste por deuda incobrable y eficiencia de inscripción | E87: Percentil de la tasa del mercado | F87: =F67 -> 2 años de edad | G87: ='Quality Center Profile'!F76 -> 1076.5083 | H87: =IF(H67>0,G87-H67,0) -> -794.88759
C88: =SUM('Quality Center Profile'!D91:D92)*-1 -> -140478.85 | E88: =C60 -> Usuario ingresado | F88: =F68 -> 3 años de edad | G88: ='Quality Center Profile'!F77 -> 1018.875 | H88: =IF(H68>0,G88-H68,0) -> -410.1485
F89: =F69 -> 4-5 años de edad | G89: ='Quality Center Profile'!F78 -> 1018.875 | H89: =IF(H69>0,G89-H69,0) -> 0
B90: Ingresos anuales menos gastos, ganancias/(pérdidas) | C90: ='Quality Center Profile'!D94 -> -534031.77 | F90: =F70 -> Edad escolar | G90: ='Quality Center Profile'!F79 -> 565.305 | H90: =IF(H70>0,G90-H70,0) -> 0
B92: Porcentaje de gastos | C92: ='Quality Center Profile'!E94 -> -0.44188463
A96: Modelo desarrollado por Prenatal to Five Fiscal Strategies, agosto de 2023. www.prenatal5fiscal.org
B98: RESULTADOS VISUALES
B99: Los siguientes gráficos dinámicos se actualizarán según los resultados del escenario anterior. Los gráficos se pueden copiar y pegar en otros documentos según sea necesario.
I145: Enter data from results table in the columns below to populate the chart. Scenario names can be updated.
B148: El siguiente cuadro permite a los usuarios comparar los resultados del modelo de costos en múltiples escenarios.
B149: Una vez que se ejecuta un escenario, ingrese los resultados de la tabla de resultados anterior en las celdas amarillas a continuación y luego ingrese resultados adicionales de escenarios posteriores.
B150: Las celdas de detalles del escenario se pueden utilizar para observar las diferencias entre cada escenario, como las selecciones salariales realizadas o la composición del número/edad de los niños, por ejemplo.
B151: Los nombres de los escenarios se pueden actualizar y los resultados se pueden ingresar como valores semanales, mensuales o anuales.
C152: Escenario 1 | D152: Escenario 2 | E152: Escenario 3
B153: =F65 -> Infantes
B154: =F66 -> Niños pequeños
B155: =F67 -> 2 años de edad
B156: =F68 -> 3 años de edad
B157: =F69 -> 4-5 años de edad
B158: =F70 -> Edad escolar
...

Sheet Quality Center Profile
A1: PRO-FORMA BUDGET: Nebraska Child Care Center
B2: Items in yellow shaded cells may be changed to model different scenarios | F2: user can change these cells
B3: DO NOT CHANGE OTHER CELLS | F3: these cells have data from the Variables sheet. DO NOT change here.
A4: A Typical Center
B6: TOTAL Children | C6: Max Grp | D6: Ratios | E6: Teachers | F6: Classrooms | H6: Annual cost per child | I6: Monthly | K6: Admin personnel | L6: Teacher Salaries | M6: Sub/Floater Salaries | N6: Benefits | O6: Classroom Costs | P6: Child Costs | Q6: Transportation | R6: TOTAL Classroom Cost | S6: Simple CPC | T6: School age adjustment | U6: Adjusted Age Group Total | V6: Adjusted CPC
A7: =C7*F7 -> 12 | B7: ='Cuidado infantil en centros'!B12 -> Infantes | C7: ='Cuidado infantil en centros'!E12 -> 12 | D7: ='Cuidado infantil en centros'!D12 -> 4 | E7: =SUM(A7/D7) -> 3 | F7: ='Cuidado infantil en centros'!C12 -> 1 | G7: =B7 -> Infantes | H7: =IF(F7>0,V7,0) -> 27217.038 | I7: =H7/12 -> 2268.0865 | K7: =Admin_Staff/TotalChildren*A7 -> 33724.607 | L7: =SUM(D$24:D$25)/SUM(E$7:E$11)*E7 -> 171370.33 | M7: =SUM((Subs+D29)/(TotalClassrooms)*F7)+SUM(D28/(F13-F12))*F7 -> 34080.182 | N7: =SUM(D$44:D$47)/A$13*A7 -> 37852.296 | O7: =SUM(NP_Occupancy/TotalClassrooms)*F7 -> 10927 | P7: =SUM(NP_EdProgram+NP_MgtAdmin+Reserve_Fund+D$57)/TotalChildren*A7 -> 38650.039 | R7: =SUM(K7:Q7) -> 326604.46 | S7: =R7/A7 -> 27217.038 | T7: =SUM(R$12-U$12)/SUM(A$7:A$11)*A7 -> 0 | U7: =SUM(R7,T7) -> 326604.46 | V7: =U7/A7 -> 27217.038 | X7: 3723.7747 | Y7: 131672.44 | Z7: 16459.055
A8: =C8*F8 -> 12 | B8: ='Cuidado infantil en centros'!B13 -> Niños pequeños | C8: ='Cuidado infantil en centros'!E13 -> 12 | D8: ='Cuidado infantil en centros'!D13 -> 6 | E8: =SUM(A8/D8) -> 2 | F8: ='Cuidado infantil en centros'!C13 -> 1 | G8: =B8 -> Niños pequeños | H8: =IF(F8>0,V8,0) -> 22456.751 | I8: =H8/12 -> 1871.3959 | K8: =Admin_Staff/TotalChildren*A8 -> 33724.607 | L8: =SUM(D$24:D$25)/SUM(E$7:E$11)*E8 -> 114246.89 | M8: =SUM((Subs+D29)/(TotalClassrooms)*F8)+SUM(D28/(F13-F12))*F8 -> 34080.182 | N8: =SUM(D$44:D$47)/A$13*A8 -> 37852.296 | O8: =SUM(NP_Occupancy/TotalClassrooms)*F8 -> 10927 | P8: =SUM(NP_EdProgram+NP_MgtAdmin+Reserve_Fund+D$57)/TotalChildren*A8 -> 38650.039 | R8: =SUM(K8:Q8) -> 269481.01 | S8: =R8/A8 -> 22456.751 | T8: =SUM(R$12-U$12)/SUM(A$7:A$11)*A8 -> 0 | U8: =SUM(R8,T8) -> 269481.01 | V8: =U8/A8 -> 22456.751 | X8: 5585.6621 | Y8: 143464.39 | Z8: 11955.366
A9: =C9*F9 -> 12 | B9: ='Cuidado infantil en centros'!B14 -> 2 años de edad | C9: ='Cuidado infantil en centros'!E14 -> 12 | D9: ='Cuidado infantil en centros'!D14 -> 6 | E9: =SUM(A9/D9) -> 2 | F9: ='Cuidado infantil en centros'!C14 -> 1 | G9: =B9 -> 2 años de edad | H9: =IF(F9>0,V9,0) -> 22456.751 | I9: =H9/12 -> 1871.3959 | K9: =Admin_Staff/TotalChildren*A9 -> 33724.607 | L9: =SUM(D$24:D$25)/SUM(E$7:E$11)*E9 -> 114246.89 | M9: =SUM((Subs+D29)/(TotalClassrooms)*F9)+SUM(D28/(F13-F12))*F9 -> 34080.182 | N9: =SUM(D$44:D$47)/A$13*A9 -> 37852.296 | O9: =SUM(NP_Occupancy/TotalClassrooms)*F9 -> 10927 | P9: =SUM(NP_EdProgram+NP_MgtAdmin+Reserve_Fund+D$57)/TotalChildren*A9 -> 38650.039 | R9: =SUM(K9:Q9) -> 269481.01 | S9: =R9/A9 -> 22456.751 | T9: =SUM(R$12-U$12)/SUM(A$7:A$11)*A9 -> 0 | U9: =SUM(R9,T9) -> 269481.01 | V9: =U9/A9 -> 22456.751
A10: =C10*F10 -> 20 | B10: ='Cuidado infantil en centros'!B15 -> 3 años de edad | C10: ='Cuidado infantil en centros'!E15 -> 20 | D10: ='Cuidado infantil en centros'!D15 -> 10 | E10: =SUM(A10/D10) -> 2 | F10: ='Cuidado infantil en centros'!C15 -> 1 | G10: =B10 -> 3 años de edad | H10: =IF(F10>0,V10,0) -> 17148.282 | I10: =H10/12 -> 1429.0235 | K10: =Admin_Staff/TotalChildren*A10 -> 56207.679 | L10: =SUM(D$24:D$25)/SUM(E$7:E$11)*E10 -> 114246.89 | M10: =SUM((Subs+D29)/(TotalClassrooms)*F10)+SUM(D28/(F13-F12))*F10 -> 34080.182 | N10: =SUM(D$44:D$47)/A$13*A10 -> 63087.159 | O10: =SUM(NP_Occupancy/TotalClassrooms)*F10 -> 10927 | P10: =SUM(NP_EdProgram+NP_MgtAdmin+Reserve_Fund+D$57)/TotalChildren*A10 -> 64416.732 | R10: =SUM(K10:Q10) -> 342965.64 | S10: =R10/A10 -> 17148.282 | T10: =SUM(R$12-U$12)/SUM(A$7:A$11)*A10 -> 0 | U10: =SUM(R10,T10) -> 342965.64 | V10: =U10/A10 -> 17148.282
A11: =C11*F11 -> 0 | B11: ='Cuidado infantil en centros'!B16 -> 4-5 años de edad | C11: ='Cuidado infantil en centros'!E16 -> 24 | D11: ='Cuidado infantil en centros'!D16 -> 12 | E11: =SUM(A11/D11) -> 0 | F11: ='Cuidado infantil en centros'!C16 -> 0 | G11: =B11 -> 4-5 años de edad | H11: =IF(F11>0,V11,0) -> 0 | I11: =H11/12 -> 0 | K11: =Admin_Staff/TotalChildren*A11 -> 0 | L11: =SUM(D$24:D$25)/SUM(E$7:E$11)*E11 -> 0 | M11: =SUM((Subs+D29)/(TotalClassrooms)*F11)+SUM(D28/(F13-F12))*F11 -> 0 | N11: =SUM(D$44:D$47)/A$13*A11 -> 0 | O11: =SUM(NP_Occupancy/TotalClassrooms)*F11 -> 0 | P11: =SUM(NP_EdProgram+NP_MgtAdmin+Reserve_Fund+D$57)/TotalChildren*A11 -> 0 | R11: =SUM(K11:Q11) -> 0 | S11: =R11/A11 -> #DIV/0! | T11: =SUM(R$12-U$12)/SUM(A$7:A$11)*A11 -> 0 | U11: =SUM(R11,T11) -> 0 | V11: =U11/A11 -> #DIV/0! | X11: 9309.4368 | Y11: 167048.3 | Z11: 8352.4151
A12: =C12*F12 -> 0 | B12: ='Cuidado infantil en centros'!B17 -> Edad escolar | C12: ='Cuidado infantil en centros'!E17 -> 30 | D12: ='Cuidado infantil en centros'!D17 -> 15 | E12: =SUM(A12/D12) -> 0 | F12: ='Cuidado infantil en centros'!C17 -> 0 | G12: =B12 -> Edad escolar | H12: =IF(F12>0,V12,0) -> 0 | I12: =H12/12 -> 0 | K12: =Admin_Staff/TotalChildren*A12 -> 0 | L12: =IF(E12>0,((D26+D27)/E12),0)*E12 -> 0 | M12: =SUM((Subs+D29)/(TotalClassrooms)*F12) -> 0 | N12: =SUM(D$44:D$47)/A$13*A12 -> 0 | O12: =SUM(NP_Occupancy/TotalClassrooms)*F12 -> 0 | P12: =SUM(NP_EdProgram+NP_MgtAdmin+Reserve_Fund+D$57)/TotalChildren*A12 -> 0 | Q12: =D62 -> 0 | R12: =SUM(K12:Q12) -> 0 | S12: =IF(F12>0,(R12/A12),0) -> 0 | T12: =SUM(K12,N12,P12)*T15 -> 0 | U12: =SUM(L12,O12,Q12,T12) -> 0 | V12: =U12/A12 -> #DIV/0! | X12: 44685.297 | Y12: 129439.76 | Z12: 4314.6586
A13: =SUM(A7:A12) -> 56 | E13: =SUM(E7:E12) -> 9 | F13: =SUM(F7:F12) -> 4 | K13: =SUM(K7:K12) -> 157381.5 | L13: =SUM(L7:L12) -> 514111 | M13: =SUM(M7:M12) -> 136320.73 | N13: =SUM(N7:N12) -> 176644.05 | O13: =SUM(O7:O12) -> 43708 | P13: =SUM(P7:P12) -> 180366.85 | Q13: =SUM(Q7:Q12) -> 0 | R13: =SUM(K13:Q13) -> 1208532.1
F14: 0.2 | G14: = % for daily coverage (need 20% for opening/closing and breaks, not for SA)
S15: SA Adjustment Factor | T15: 0.6
E16: ='Cuidado infantil en centros'!C21 -> Salario digno | F16: ='Cuidado infantil en centros'!C6 -> En todo el estado
B17: EXPENSES: Personnel | D17: Total Cost | E17: Unit Cost | J17: =B7 -> Infantes | K17: =H7*A7 -> 326604.46
A18: =SUM(A19:A28) -> 12.8 | B18: TOTAL Staff | E18: FTE Wage | J18: =B8 -> Niños pequeños | K18: =H8*A8 -> 269481.01
A19: =IF(A13>0,1) -> 1 | B19: Program Director | D19: =A19*E19 -> 96727 | E19: =IF('Cuidado infantil en centros'!C$21="BLS ($15 MW adj)",Wages!B$4, IF('Cuidado infantil en centros'!C$21='Cuidado infantil en centros'!L19,Wages!B$5, IF('Cuidado infantil en centros'!C$21='Cuidado infantil en centros'!L20,Wages!B$6, IF('Cuidado infantil en centros'!C$21="Usuario ingresado",Wages!B$7,)))) -> 96727 | J19: =B9 -> 2 años de edad | K19: =H9*A9 -> 269481.01
A20: =IF(TotalChildren<78,0.5,IF(TotalChildren<150,1,IF(TotalChildren<250,1.5,2))) -> 0.5 | B20: Assistant Director | D20: =A20*E20 -> 39969.5 | E20: =IF('Cuidado infantil en centros'!C$21="BLS ($15 MW adj)",Wages!C$4, IF('Cuidado infantil en centros'!C$21='Cuidado infantil en centros'!L19,Wages!C$5, IF('Cuidado infantil en centros'!C$21='Cuidado infantil en centros'!L20,Wages!C$6, IF('Cuidado infantil en centros'!C$21="Usuario ingresado",Wages!C$7,)))) -> 79939 | J20: =B10 -> 3 años de edad | K20: =H10*A10 -> 342965.64
A21: =IF(TotalChildren<78,0.5,IF(TotalChildren<150,1,IF(TotalChildren<250,1.5,2))) -> 0.5 | B21: Administrative assistant | D21: =A21*E21 -> 20685 | E21: =IF('Cuidado infantil en centros'!C$21="BLS ($15 MW adj)",Wages!D$4, IF('Cuidado infantil en centros'!C$21='Cuidado infantil en centros'!L19,Wages!D$5, IF('Cuidado infantil en centros'!C$21='Cuidado infantil en centros'!L20,Wages!D$6, IF('Cuidado infantil en centros'!C$21="Usuario ingresado",Wages!D$7,)))) -> 41370 | J21: =B11 -> 4-5 años de edad | K21: =H11*A11 -> 0
B22: Subtotal administration and management staff | D22: =SUM(D19:D21) -> 157381.5 | J22: =B12 -> Edad escolar | K22: =H12*A12 -> 0
J23: TOTAL | K23: =SUM(K17:K22) -> 1208532.1
A24: =SUM(F7:F11) -> 4 | B24: Lead Teachers (1 per classroom) | D24: =A24*E24 -> 262096 | E24: =IF('Cuidado infantil en centros'!C$21="BLS ($15 MW adj)",Wages!E$4, IF('Cuidado infantil en centros'!C$21='Cuidado infantil en centros'!L19,Wages!E$5, IF('Cuidado infantil en centros'!C$21='Cuidado infantil en centros'!L20,Wages!E$6, IF('Cuidado infantil en centros'!C$21="""Usuarioingresado",Wages!E$7,)))) -> 65524 | K24: =K23-D67 -> 0
A25: =SUM(E7:E11)-A24 -> 5 | B25: Assistant Teachers | D25: =A25*E25 -> 252015 | E25: =IF('Cuidado infantil en centros'!C$21="BLS ($15 MW adj)",Wages!F$4, IF('Cuidado infantil en centros'!C$21='Cuidado infantil en centros'!L19,Wages!F$5, IF('Cuidado infantil en centros'!C$21='Cuidado infantil en centros'!L20,Wages!F$6, IF('Cuidado infantil en centros'!C$21="Usuario ingresado",Wages!F$7,)))) -> 50403
A26: =F12 -> 0 | B26: Lead Teacher - School age | D26: =A26*E26 -> 0 | E26: =E24*G26 -> 39314.4 | F26: percent of salary | G26: 0.6
A27: =E12-F12 -> 0 | B27: Assistant Teachers - School age | D27: =A27*E27 -> 0 | E27: =E25*G26 -> 30241.8
A28: =SUM(E7:E11)*F14 -> 1.8 | B28: Floater-Assists. (for % coverage throughout day) | D28: =E28*A28 -> 90725.4 | E28: =E25 -> 50403 | I28: =SUM(D28,D33:D35) -> 136320.73
A29: =IF('Cuidado infantil en centros'!D39='Cuidado infantil en centros'!L39,0,IF('Cuidado infantil en centros'!D39='Cuidado infantil en centros'!M39,('Cuidado infantil en centros'!F39/8),IF('Cuidado infantil en centros'!D39='Cuidado infantil en centros'!N39,'Cuidado infantil en centros'!F39/4))) -> 0 | B29: Instructional Aides | D29: =E29*A29 -> 0 | E29: =E25 -> 50403
A30: =SUM(A24:A29) -> 10.8 | B30: subtotal teaching staff | D30: =SUM(D24:D29) -> 604836.4
B31: subtotal all staff | D31: =D22+D30 -> 762217.9
B33: Subs for staff leave @ days per year | D33: =SUM(A24:A28)*(E33*8)*E36 -> 20936.631 | E33: =Paid_Leave -> 10 | F33: paid leave days [plus 8-10 paid holidays per year, no subs needed for holidays]
B34: Subs for staff sick leave @ days/year | D34: =SUM(A24:A28)*(E34*8)*E36 -> 20936.631 | E34: =Sick_Days -> 10 | F34: days of paid sick leave
B35: Subs for required training | D35: =SUM(E35*E36)*A18 -> 3722.0677 | E35: 12 | F35: hours per employee
B36: subtotal substitutes | D36: =SUM(D33:D35) -> 45595.329 | E36: =E28/2080 -> 24.232212 | F36: subs paid at avg teacher asst hourly
B38: Subtotal Wages | D38: =D31+D36 -> 807813.23
B39: Mandatory benefits @ % salary
B40: FICA-Social Security | C40: 0.062 | D40: =C40*D38 -> 50084.42
B41: Medicare | C41: 0.0145 | D41: =C41*D38 -> 11713.292 | H41: {=SUM(D44+D46:D47)} -> 255912.76
B42: Unemployment Insurance | C42: 0.01 | D42: =C42*((7000*A18)+SUM(D33:D34)) -> 1314.7326
B43: Workers Compensation | C43: 0.02 | D43: =C43*D38 -> 16156.265
B44: Subtotal Mandatory Benefits | C44: =SUM(C40:C43) -> 0.1065 | D44: =SUM(D40:D43) -> 79268.709
B45: Discretionary benefits
B46: Health insurance | C46: =IF('Cuidado infantil en centros'!C26="No",0,IF(HealthIns="Si",5821,0)) -> 5821 | D46: =Addl_benefits_per_staff*A18 -> 74508.8 | E46: 2022 average employer contribution to employer-based health insurance: https://www.kff.org/other/state-indicator/single-coverage/?currentTimeframe=0&sortModel=%7B%22colId%22:%22Location%22,%22sort%22:%22asc%22%7D
B47: Retirement | C47: ='Cuidado infantil en centros'!C27 -> 0.03 | D47: =C47*D31 -> 22866.537
B48: Subtotal Personnel | D48: =D38+D44+D46+D47 -> 984457.28 | E48: =D48/D67 -> 0.81458925 | F48: of expenses
B50: VARIABLES
B51: =QualVar!A9 -> Family Engagement | D51: =IF('Cuidado infantil en centros'!D33='Cuidado infantil en centros'!L33,QualVar!B12, IF('Cuidado infantil en centros'!D33='Cuidado infantil en centros'!M33,QualVar!C12, IF('Cuidado infantil en centros'!D33='Cuidado infantil en centros'!N33,QualVar!D12,0))) -> 0
B52: =QualVar!A14 -> Professional Development Supports | D52: =IF('Cuidado infantil en centros'!D34='Cuidado infantil en centros'!L34,QualVar!B17, IF('Cuidado infantil en centros'!D34='Cuidado infantil en centros'!M34,QualVar!C17, IF('Cuidado infantil en centros'!D34='Cuidado infantil en centros'!N34,QualVar!D17,0))) -> 0
B53: =QualVar!A19 -> Planning Release Time | D53: =IF('Cuidado infantil en centros'!D35='Cuidado infantil en centros'!L35,QualVar!B22, IF('Cuidado infantil en centros'!D35='Cuidado infantil en centros'!M35,QualVar!C22, IF('Cuidado infantil en centros'!D35='Cuidado infantil en centros'!N35,QualVar!D22,0))) -> 0
B54: =QualVar!A25 -> Educational Materials & Curriculum | D54: =IF('Cuidado infantil en centros'!D36='Cuidado infantil en centros'!L36,QualVar!B30, IF('Cuidado infantil en centros'!D36='Cuidado infantil en centros'!M36,QualVar!C30, IF('Cuidado infantil en centros'!D36='Cuidado infantil en centros'!N36,QualVar!D30,0))) -> 0
B55: =QualVar!A33 -> Inclusion Materials | D55: =IF('Cuidado infantil en centros'!D38='Cuidado infantil en centros'!L38,QualVar!B36, IF('Cuidado infantil en centros'!D38='Cuidado infantil en centros'!M38,QualVar!C36, IF('Cuidado infantil en centros'!D38='Cuidado infantil en centros'!N38,QualVar!D36,0))) -> 0
B56: =QualVar!A39 -> Transportation | D56: =IF('Cuidado infantil en centros'!D37='Cuidado infantil en centros'!L37,QualVar!B43, IF('Cuidado infantil en centros'!D37='Cuidado infantil en centros'!M37,QualVar!C43, IF('Cuidado infantil en centros'!D37='Cuidado infantil en centros'!N37,QualVar!D43, IF('Cuidado infantil en centros'!D37='Cuidado infantil en centros'!O37,QualVar!E43,0)))) -> 0
B57: Subtotal quality variables | D57: =SUM(D51:D56) -> 0
B58: EXPENSES: Nonpersonnel
B59: Education Program for Children and Staff | D59: =IF(C$69="Urbano",SUM('Nonpersonnel PCQC'!D40*TotalChildren),IF(C$69="Rural",SUM('Nonpersonnel PCQC'!E40*TotalChildren),SUM('Nonpersonnel PCQC'!B40*TotalChildren))) -> 101261.6
B60: Occupancy | D60: =IF(C$69="Urbano",SUM('Nonpersonnel PCQC'!D39*TotalClassrooms),IF(C$69="Rural",SUM('Nonpersonnel PCQC'!E39*TotalClassrooms),SUM('Nonpersonnel PCQC'!B39*TotalClassrooms))) -> 43708
B61: Program Management & Administration | D61: =IF(C$69="Urbano",SUM('Nonpersonnel PCQC'!D38*TotalChildren),IF(C$69="Rural",SUM('Nonpersonnel PCQC'!E38*TotalChildren),SUM('Nonpersonnel PCQC'!B38*TotalChildren))) -> 21556.1
B62: School age transportation
B63: Subtotal Nonpersonnel | D63: =SUM(D57:D62) -> 166525.7 | E63: =D63/D67 -> 0.1377917 | F63: of expenses
B65: Contribution to operating reserve fund | D65: =E65*(Personnel+Nonpersonnel) -> 57549.149 | E65: 0.05 | F65: of expenses
B67: Total Expense | D67: =SUM(Personnel+Nonpersonnel+Reserve_Fund) -> 1208532.1
B69: Rate Region | C69: ='Cuidado infantil en centros'!C6 -> En todo el estado | D69: [set these options in the Input-CTR page] | J69: New Castle | K69: Kent | L69: Sussex
A70: # children | B70: Tiered Reimbursement level | C70: ='Cuidado infantil en centros'!C59 -> Licencia | I70: New Castle
B71: Market Rate | C71: ='Cuidado infantil en centros'!C60 -> Usuario ingresado
A72: =SUM(A74:A86) -> 56 | B72: REVENUE | C72: annual rate | D72: TOTAL
B73: CACFP (all ages) | D73: =SUM(('Cuidado infantil en centros'!C54*'Fed CACFP'!K8),('Cuidado infantil en centros'!D54*'Fed CACFP'!J6))*52 -> 71708 | F73: Monthly rate | G73: 50th %ile | H73: 75th % ile | I73: 85th %ile | J73: User Entered
A74: ='Cuidado infantil en centros'!D48 -> 2 | B74: Private Tuition (infants) | C74: =SUM(F74*12) -> 13438.1 | D74: =A74*C74 -> 26876.2 | F74: =IF($C$71='Cuidado infantil en centros'!D$61,G74,IF($C$71='Cuidado infantil en centros'!D60,H74,IF($C$71='Cuidado infantil en centros'!F$61,I74,IF($C$71='Cuidado infantil en centros'!G$61,J74,0)))) -> 1119.8417 | G74: =IF(C$69="Urbano",Tuition!B4,IF(C$69="Rural",Tuition!C4,IF(C$69="En todo el estado",Tuition!D4,))) -> 888.33333 | H74: =IF(C$69="Urbano",Tuition!B10,IF(C$69="Rural",Tuition!C10,IF(C$69="En todo el estado",Tuition!D10,))) -> 1029.7083 | I74: =IF(C$69="Urbano",Tuition!B17,IF(C$69="Rural",Tuition!C17,IF(C$69="En todo el estado",Tuition!D17,))) -> 1119.8417 | J74: ='Cuidado infantil en centros'!I55 -> 2000
A75: ='Cuidado infantil en centros'!D49 -> 6 | B75: Private Tuition (toddlers) | C75: =SUM(I75*12) -> 12918.1 | D75: =A75*C75 -> 77508.6 | F75: =IF($C$71='Cuidado infantil en centros'!D$61,G75,IF($C$71='Cuidado infantil en centros'!D60,H75,IF($C$71='Cuidado infantil en centros'!F$61,I75,IF($C$71='Cuidado infantil en centros'!G$61,J75,0)))) -> 1076.5083 | G75: =IF(C$69="Urbano",Tuition!B5,IF(C$69="Rural",Tuition!C5,IF(C$69="En todo el estado",Tuition!D5,))) -> 823.33333 | H75: =IF(C$69="Urbano",Tuition!B11,IF(C$69="Rural",Tuition!C11,IF(C$69="En todo el estado",Tuition!D11,))) -> 937.08333 | I75: =IF(C$69="Urbano",Tuition!B18,IF(C$69="Rural",Tuition!C18,IF(C$69="En todo el estado",Tuition!D18,))) -> 1076.5083 | J75: ='Cuidado infantil en centros'!I56 -> 1800
A76: ='Cuidado infantil en centros'!D50 -> 6 | B76: Private Tuition (2 year olds) | C76: =SUM(I76*12) -> 12918.1 | D76: =A76*C76 -> 77508.6 | F76: =IF($C$71='Cuidado infantil en centros'!D$61,G76,IF($C$71='Cuidado infantil en centros'!D60,H76,IF($C$71='Cuidado infantil en centros'!F$61,I76,IF($C$71='Cuidado infantil en centros'!G$61,J76,0)))) -> 1076.5083 | G76: =G75 -> 823.33333 | H76: =H75 -> 937.08333 | I76: =I75 -> 1076.5083 | J76: ='Cuidado infantil en centros'!I57 -> 1500
A77: ='Cuidado infantil en centros'!D51 -> 14 | B77: Private Tuition (3 year olds) | C77: =SUM(I77*12) -> 12226.5 | D77: =A77*C77 -> 171171 | F77: =IF($C$71='Cuidado infantil en centros'!D$61,G77,IF($C$71='Cuidado infantil en centros'!D60,H77,IF($C$71='Cuidado infantil en centros'!F$61,I77,IF($C$71='Cuidado infantil en centros'!G$61,J77,0)))) -> 1018.875 | G77: =G78 -> 769.16667 | H77: =H78 -> 875.44167 | I77: =I78 -> 1018.875 | J77: ='Cuidado infantil en centros'!I58 -> 1500
A78: ='Cuidado infantil en centros'!D52 -> 0 | B78: Private Tuition (4-5 year olds) | C78: =SUM(I78*12) -> 12226.5 | D78: =A78*C78 -> 0 | F78: =IF($C$71='Cuidado infantil en centros'!D$61,G78,IF($C$71='Cuidado infantil en centros'!D60,H78,IF($C$71='Cuidado infantil en centros'!F$61,I78,IF($C$71='Cuidado infantil en centros'!G$61,J78,0)))) -> 1018.875 | G78: =IF(C$69="Urbano",Tuition!B6,IF(C$69="Rural",Tuition!C6,IF(C$69="En todo el estado",Tuition!D6,))) -> 769.16667 | H78: =IF(C$69="Urbano",Tuition!B12,IF(C$69="Rural",Tuition!C12,IF(C$69="En todo el estado",Tuition!D12,))) -> 875.44167 | I78: =IF(C$69="Urbano",Tuition!B19,IF(C$69="Rural",Tuition!C19,IF(C$69="En todo el estado",Tuition!D19,))) -> 1018.875 | J78: ='Cuidado infantil en centros'!I59 -> 1200
A79: ='Cuidado infantil en centros'!D53 -> 0 | B79: Private Tuition (school age) | C79: =SUM(I79*12) -> 11306.1 | D79: =A79*C79 -> 0 | F79: =IF($C$71='Cuidado infantil en centros'!D$61,G79,IF($C$71='Cuidado infantil en centros'!D60,H79,IF($C$71='Cuidado infantil en centros'!F$61,I79,IF($C$71='Cuidado infantil en centros'!G$61,J79,0))))*0.6 -> 565.305 | G79: =IF(C$69="Urbano",Tuition!B7,IF(C$69="Rural",Tuition!C7,IF(C$69="En todo el estado",Tuition!D7,))) -> 718.25 | H79: =IF(C$69="Urbano",Tuition!B13,IF(C$69="Rural",Tuition!C13,IF(C$69="En todo el estado",Tuition!D13,))) -> 820.625 | I79: =IF(C$69="Urbano",Tuition!B20,IF(C$69="Rural",Tuition!C20,IF(C$69="En todo el estado",Tuition!D20,))) -> 942.175 | J79: ='Cuidado infantil en centros'!I60 -> 800
F80: =F73 -> Monthly rate | G80: Licensed | H80: Acc/Step 3 | I80: Step 4 | J80: Step 5
A81: ='Cuidado infantil en centros'!C48 -> 10 | B81: State subsidy (infants) | C81: =SUM(F81*12) -> 10861.5 | D81: =A81*C81 -> 108615 | F81: =IF($C$70="Licencia",G81,IF($C$70="Acc/Step 3",H81,IF($C$70="Step 4",I81,IF($C$70="Step 5",J81,0)))) -> 905.125 | G81: =IF($C$69="Urbano",'State Subsidy'!$B10,IF($C$69="Rural",'State Subsidy'!$D10,IF($C$69="En todo el estado",'State Subsidy'!$F10,))) -> 905.125 | H81: =IF($C$69="Urbano",'State Subsidy'!$B23,IF($C$69="Rural",'State Subsidy'!$D23,IF($C$69="En todo el estado",'State Subsidy'!$F23,))) -> 1081.6 | I81: =IF($C$69="Urbano",'State Subsidy'!$B36,IF($C$69="Rural",'State Subsidy'!$D36,IF($C$69="En todo el estado",'State Subsidy'!$F36,))) -> 1135.875 | J81: =IF($C$69="Urbano",'State Subsidy'!$B49,IF($C$69="Rural",'State Subsidy'!$D49,IF($C$69="En todo el estado",'State Subsidy'!$F49,))) -> 1192.75
A82: ='Cuidado infantil en centros'!C49 -> 6 | B82: State subsidy (Toddlers) | C82: =SUM(F82*12) -> 9880 | D82: =A82*C82 -> 59280 | F82: =IF($C$70="Licencia",G82,IF($C$70="Acc/Step 3",H82,IF($C$70="Step 4",I82,IF($C$70="Step 5",J82,0)))) -> 823.33333 | G82: =IF($C$69="Urbano",'State Subsidy'!$B11,IF($C$69="Rural",'State Subsidy'!$D11,IF($C$69="En todo el estado",'State Subsidy'!$F11,))) -> 823.33333 | H82: =IF($C$69="Urbano",'State Subsidy'!$B24,IF($C$69="Rural",'State Subsidy'!$D24,IF($C$69="En todo el estado",'State Subsidy'!$F24,))) -> 984.20833 | I82: =IF($C$69="Urbano",'State Subsidy'!$B37,IF($C$69="Rural",'State Subsidy'!$D37,IF($C$69="En todo el estado",'State Subsidy'!$F37,))) -> 1033.5 | J82: =IF($C$69="Urbano",'State Subsidy'!$B50,IF($C$69="Rural",'State Subsidy'!$D50,IF($C$69="En todo el estado",'State Subsidy'!$F50,))) -> 1085.5
A83: ='Cuidado infantil en centros'!C50 -> 6 | B83: State subsidy (2 year olds) | C83: =SUM(F83*12) -> 9880 | D83: =A83*C83 -> 59280 | F83: =F82 -> 823.33333 | G83: =G82 -> 823.33333 | H83: =H82 -> 984.20833 | I83: =I82 -> 1033.5 | J83: =J82 -> 1085.5
A84: ='Cuidado infantil en centros'!C51 -> 6 | B84: State subsidy (3 year old) | C84: =SUM(F84*12) -> 10505.3 | D84: =A84*C84 -> 63031.8 | F84: =F85 -> 875.44167 | G84: =G85 -> 875.44167 | H84: =H85 -> 897.70417 | I84: =I85 -> 942.5 | J84: =J85 -> 990.16667
A85: ='Cuidado infantil en centros'!C52 -> 0 | B85: State subsidy (4-5 years) | C85: =SUM(F85*12) -> 10505.3 | D85: =A85*C85 -> 0 | F85: =IF($C$70="Licencia",G85,IF($C$70="Acc/Step 3",H85,IF($C$70="Step 4",I85,IF($C$70="Step 5",J85,0)))) -> 875.44167 | G85: =IF($C$69="Urbano",'State Subsidy'!$B12,IF($C$69="Rural",'State Subsidy'!$D12,IF($C$69="En todo el estado",'State Subsidy'!$F12,))) -> 875.44167 | H85: =IF($C$69="Urbano",'State Subsidy'!$B25,IF($C$69="Rural",'State Subsidy'!$D25,IF($C$69="En todo el estado",'State Subsidy'!$F25,))) -> 897.70417 | I85: =IF($C$69="Urbano",'State Subsidy'!$B38,IF($C$69="Rural",'State Subsidy'!$D38,IF($C$69="En todo el estado",'State Subsidy'!$F38,))) -> 942.5 | J85: =IF($C$69="Urbano",'State Subsidy'!$B51,IF($C$69="Rural",'State Subsidy'!$D51,IF($C$69="En todo el estado",'State Subsidy'!$F51,))) -> 990.16667
A86: ='Cuidado infantil en centros'!C53 -> 0 | B86: State subsidy (school age) | C86: =SUM(F86*12) -> 5908.5 | D86: =A86*C86 -> 0 | F86: =IF($C$70="Licencia",G86,IF($C$70="Acc/Step 3",H86,IF($C$70="Step 4",I86,IF($C$70="Step 5",J86,0))))*60% -> 492.375 | G86: =IF($C$69="Urbano",'State Subsidy'!$B13,IF($C$69="Rural",'State Subsidy'!$D13,IF($C$69="En todo el estado",'State Subsidy'!$F13,))) -> 820.625 | H86: =IF($C$69="Urbano",'State Subsidy'!$B26,IF($C$69="Rural",'State Subsidy'!$D26,IF($C$69="En todo el estado",'State Subsidy'!$F26,))) -> 861.65625 | I86: =IF($C$69="Urbano",'State Subsidy'!$B39,IF($C$69="Rural",'State Subsidy'!$D39,IF($C$69="En todo el estado",'State Subsidy'!$F39,))) -> 904.58333 | J86: =IF($C$69="Urbano",'State Subsidy'!$B52,IF($C$69="Rural",'State Subsidy'!$D52,IF($C$69="En todo el estado",'State Subsidy'!$F52,))) -> 950.08333
B87: Other income (grants, fundraising, etc.) | D87: ='Cuidado infantil en centros'!C57 -> 100000
D88: =SUM(D73:D87) -> 814979.2 | E88: = Potential Total Revenue
B90: Adjustments to revenue
B91: Bad debt | C91: =BadDebt -> 0.03 | D91: =(D88-D87)*C91 -> 21449.376
B92: Enrollment efficiency (average) | C92: =EnrollEffic -> 0.85 | D92: =(1-C92)*(D88-D91) -> 119029.47
D93: =D88-D91-D92 -> 674500.35 | E93: = Actual Total Revenue
B94: Annual Revenue less Expenses profit/(loss) | D94: =D93-D67 -> -534031.77 | E94: =D94/D67 -> -0.44188463 | F94: of expenses

Sheet Cuidado infantil familiar
G1: Licensing | H1: Point 2 | I1: Point 3 | J1: Point 4 | K1: Aspirational
B2: Modelo de costos de cuidado infantil basado en el hogar de Nebraska - 2024 | H2: Licensing | I2: Preschool Promise
H3: Licensing | I3: Point 2 | J3: Baby Promise | K3: EHS
B4: Los elementos en las celdas sombreadas en AMARILLO son para ENTRADA para modelar diferentes 'perfiles' del cuidado en el hogar. Por favor no cambie ninguna otra celda en esta hoja
B5: Los elementos en las celdas sombreadas en VERDE son para ENTRADA para modelar diferentes variables. Por favor no cambie ninguna otra celda en esta hoja
B7: REGIÓN | C7: Urbano | E7: Urbano | F7: Rural | G7: En todo el estado
H8: Licensing | I8: Point 2 | J8: Preschool Promise
B9: INSCRIPCIÓN
B10: # de NIÑOS | C10: EDAD
B11: 1 | C11: Infantes
B12: 1 | C12: Niños pequeños
B13: 1 | C13: 2 años de edad
B14: 1 | C14: 3 años de edad
B15: 0 | C15: 4-5 años de edad
C16: Edad escolar
B17: =SUM(B11:B16) -> 4 | C17: # Total de niños
B18: =IF(B17>12, "supera la capacidad de la licencia"," " ) | G18: Anulación de salario
B19: SALARIOS | H19: Posición | I19: Salarial annual | L19: BLS ($15 MW adj)
B20: Fuente de datos salariales | C20: BLS ($15 MW adj) | E20: S el usuario agrega, ingrese manualmente los salarios en la tabla a la derecha --------> | H20: Directora / dueña del programa | I20: 20000 | L20: Salario digno
H21: Profesor asistente | I21: 10000 | L21: Paridad de kindergarten
L22: Usuario ingresado
B23: Beneficios
B24: Beneficios discrecionales(seguro de salud | C24: No | D24: Seleccione si el programa ofrece seguro médico a los empleados
B25: Beneficios de jubilación | C25: 0
B26: Dias de enfermedad | C26: 10 | D26: ingrese el número anual de días por miembro del personal
B27: Vacaciones pagadas | C27: 10 | D27: ingrese el número anual de días por miembro del personal, sin incluir los días festivos en los que el programa está cerrado | L27: Si | M27: No
B29: Mejoras del programa: generadores de costos adicionales
D30: Selecciona el nivel
B31: Participación de familias | D31: Cumple con los estándares de licencia | L31: Cumple con los estándares de licencia | M31: 1 conferencia por año | N31: 2 conferencias por año + Especialista de participación familiar
C32: Apoyos al desarrollo profesional | D32: Cumple con los estándares de licencia (12 horas) | L32: Cumple con los estándares de licencia (12 horas) | M32: 48 horas por año | N32: 72 horas por año
B33: Planificación del tiempo de lanzamiento | D33: Ninguno | L33: Ninguno | M33: 10 horas/semana | N33: 20 horas/semana
B34: Materiales educativos y plan de estudios | D34: Materiales ($150) | L34: Materiales ($150) | M34: Currículo + materiales ($150) + evaluación | N34: Currículo + materiales ($250) + evaluación + evaluación de Desarrollo + Coordinador de educación
B35: Transportación | D35: Ninguno | F35: 1 | G35: (ingrese el porcentaje de niños elegibles que utilizan transporte) | L35: Ninguno | M35: Edad escolar | N35: 4-5 años de edad + Edad escolar | O35: Todos los niños
B36: Materiales de inclusión | D36: Ninguno | L36: Ninguno | M36: $250 por niño materiales | N36: $375 por niño materiales
B37: Apoyos de inclusión y asistente de instrucción | D37: Licencia (Referencias) | F37: 1 | G37: (ingrese el número de niños con IEP/IFSP) | L37: Licencia (Referencias) | M37: Asistente de inclusión - 1:8 | N37: Asistente de inclusión - 1:4
I38: Yes | J38: No
B39: EFICIENCA
B40: Matrícula como % de la capacidad total con personal | D40: 0.95 | E40: 85-95% es típico
B41: Deuda incobrable como % de los ingresos no recaudados | D41: 0.02 | E41: Alrededor del 3% es típico
B43: GANANCIAS
B44: Ingrese el número de niños por edad que reciben cada tipo de subsidio usando las celdas AMARILLAS únicamente en la siguiente tabla. La celda de matrícula privada se calculará automáticamente y no debe ser negativa.
C45: Subsidio de cuidado infantil | D45: Matrícula privada
B46: =C11 -> Infantes | C46: 1 | D46: =B11-C46 -> 0 | G46: =C7 -> Urbano | L46: Licencia | M46: Acc/Step 3 | N46: Step 4 | O46: Step 5
B47: =C12 -> Niños pequeños | C47: 1 | D47: =B12-C47 -> 0
B48: =C13 -> 2 años de edad | C48: 1 | D48: =B13-C48 -> 0
B49: =C14 -> 3 años de edad | C49: 1 | D49: =B14-C49 -> 0
B50: =C15 -> 4-5 años de edad | C50: 0 | D50: =B15-C50 -> 0
B51: =C16 -> Edad escolar | C51: 0 | D51: =B16-C51 -> 0 | H51: Usuario ingresado- Matrícula
B52: Total | C52: =SUM(C46:C51) -> 4 | D52: =B17-C52 -> 0 | I52: Matrícula mensual
B53: Subsidio porcentual | C53: =C52/$B17 -> 1 | D53: =D52/$B17 -> 0 | H53: Infantes (0-18 meses) | I53: 1500
H54: Niños pequeños (18-36) | I54: 1400
B55: Ingresos adicionales | C55: 25000 | D55: p.ej. subvenciones, donaciones | H55: 2 años de edad | I55: 1400
H56: 3 años de edad | I56: 1300
B57: Nivel de el reembolso escalonado del subsidio | C57: Acc/Step 3 | H57: 4-5 años de edad | I57: 1200
B58: Nivel de la matrícula (% de la tasa de mercado) | C58: 50th | E58: Para anular la matrícula predeterminada, ingrese los valores en la columna I ------> | H58: Edad escolar | I58: 800
D59: 50th | E59: 75th | F59: 85th | G59: Usuario ingresado
B60: TABLA DE LOS RESULTADOS
B62: RESULTADOS - Nivel de programa | E62: Resultados - Costo por niño (CPC) | G62: Anual | H62: Mensual | I62: Semanalmente
F63: ='Quality Home Profile'!B7 -> Infantes | G63: ='Quality Home Profile'!C7 -> 24230.418 | H63: =G63/12 -> 2019.2015 | I63: =G63/52 -> 465.96957
B64: Personal total | C64: ='Quality Home Profile'!A21 -> 1 | F64: ='Quality Home Profile'!B8 -> Niños pequeños | G64: ='Quality Home Profile'!C8 -> 24230.418 | H64: =G64/12 -> 2019.2015 | I64: =G64/52 -> 465.96957
F65: ='Quality Home Profile'!B9 -> 2 años de edad | G65: ='Quality Home Profile'!C9 -> 24230.418 | H65: =G65/12 -> 2019.2015 | I65: =G65/52 -> 465.96957
B66: GASTOS | F66: ='Quality Home Profile'!B10 -> 3 años de edad | G66: ='Quality Home Profile'!C10 -> 24230.418 | H66: =G66/12 -> 2019.2015 | I66: =G66/52 -> 465.96957
B67: Salarios | C67: ='Quality Home Profile'!D32 -> 68339.375 | F67: ='Quality Home Profile'!B11 -> 4-5 años de edad | G67: ='Quality Home Profile'!C11 -> 0 | H67: =G67/12 -> 0 | I67: =G67/52 -> 0
B68: Beneficios | C68: =SUM('Quality Home Profile'!D39,'Quality Home Profile'!D44) -> 7278.1434 | F68: ='Quality Home Profile'!B12 -> Edad escolar | G68: ='Quality Home Profile'!C12 -> 0 | H68: =G68/12 -> 0 | I68: =G68/52 -> 0
B69: Personal total | C69: =SUM(C67:C68) -> 75617.518
B70: Variables de calidad | C70: =QualityVarCostFCC -> 0
B71: Administración/oficina | C71: ='Quality Home Profile'!D59 -> 5336.328 | F71: Tasas de subsidio | H71: Subsidio mensual | I71: Brecha mensual entre subsidio y costo
B72: Gastos relacionados con el programa | C72: ='Quality Home Profile'!D60 -> 8001.448 | G72: =F63 -> Infantes | H72: ='Quality Home Profile'!F81 -> 808.16667 | I72: =IF(H63>0,H72-H63,"N/A") -> -1211.0348
B73: Ocupación | C73: ='Quality Home Profile'!D61 -> 3351.0583 | F73: Región de tasa de subsidio: | G73: =F64 -> Niños pequeños | H73: ='Quality Home Profile'!F82 -> 796.25 | I73: =IF(H64>0,H73-H64,"N/A") -> -1222.9515
B74: Reserva Operativa | C74: =Reserve_Fund_FCC -> 4615.3176 | F74: =C7 -> Urbano | G74: =F65 -> 2 años de edad | H74: ='Quality Home Profile'!F83 -> 796.25 | I74: =IF(H65>0,H74-H65,"N/A") -> -1222.9515
B75: Total No personal | C75: =SUM(C70:C74) -> 21304.152 | F75: Nivel de SUTQ: | G75: =F66 -> 3 años de edad | H75: ='Quality Home Profile'!F84 -> 796.25 | I75: =IF(H66>0,H75-H66,"N/A") -> -1222.9515
B76: GASTOS TOTAL | C76: =SUM(C69,C75) -> 96921.67 | F76: =C57 -> Acc/Step 3 | G76: =F67 -> 4-5 años de edad | H76: ='Quality Home Profile'!F85 -> 796.25 | I76: =IF(H67>0,H76-H67,"N/A") -> N/A
G77: =F68 -> Edad escolar | H77: ='Quality Home Profile'!F86 -> 270.27 | I77: =IF(H68>0,H77-H68,"N/A") -> N/A
B78: INGRESOS
B79: CACFP | C79: ='Quality Home Profile'!D73 -> 4992
B80: Subsidio | C80: =SUM('Quality Home Profile'!D81:D86) -> 38363 | F80: Market Price | H80: Matrícula mensual | I80: Brecha mensual entre subsidio y costo
B81: Matrícula | C81: =SUM('Quality Home Profile'!D74:D79) -> 0 | F81: Región de la tasa de mercado: | G81: =G72 -> Infantes | H81: ='Quality Home Profile'!F74 -> 693.33333 | I81: =IF(H63>0,H81-H63,"N/A") -> -1325.8681
B82: Otro ingresos | C82: ='Quality Home Profile'!D87 -> 25000 | F82: =F74 -> Urbano | G82: =G73 -> Niños pequeños | H82: ='Quality Home Profile'!F75 -> 671.66667 | I82: =IF(H64>0,H82-H64,"N/A") -> -1347.5348
B83: INGRESOS TOTAL | C83: =SUM(C79:C82) -> 68355 | F83: Percentil de la tasa del mercado | G83: =G74 -> 2 años de edad | H83: ='Quality Home Profile'!F76 -> 671.66667 | I83: =IF(H65>0,H83-H65,"N/A") -> -1347.5348
B84: Ajuste por deuda incobrable y eficiencia de inscripción | F84: =C58 -> 50th | G84: =G75 -> 3 años de edad | H84: ='Quality Home Profile'!F77 -> 671.66667 | I84: =IF(H66>0,H84-H66,"N/A") -> -1347.5348
C85: =SUM('Quality Home Profile'!D91:D92)*-1 -> -2991.495 | G85: =G76 -> 4-5 años de edad | H85: ='Quality Home Profile'!F78 -> 671.66667 | I85: =IF(H67>0,H85-H67,"N/A") -> N/A
G86: =G77 -> Edad escolar | H86: ='Quality Home Profile'!F79 -> 234 | I86: =IF(H68>0,H86-H68,"N/A") -> N/A
B87: Ingresos anuales menos gastos, ganancias/(pérdidas) | C87: ='Quality Home Profile'!D94 -> -31558.165
B89: Porcentaje de gastos | C89: ='Quality Home Profile'!E94 -> -0.32560484
B92: Modelo desarrollado por Prenatal to Five Fiscal Strategies, agosto de 2023. www.prenatal5fiscal.org
B94: RESULTADOS VISUALES
B95: Los siguientes gráficos dinámicos se actualizarán según los resultados del escenario anterior. Los gráficos se pueden copiar y pegar en otros documentos según sea necesario.
I141: Enter data from results table in the columns below to populate the chart. Scenario names can be updated.
B144: El siguiente cuadro permite a los usuarios comparar los resultados del modelo de costos en múltiples escenarios.
B145: Una vez que se ejecuta un escenario, ingrese los resultados de la tabla de resultados anterior en las celdas amarillas a continuación y luego ingrese resultados adicionales de escenarios posteriores.
B146: Las celdas de detalles del escenario se pueden utilizar para observar las diferencias entre cada escenario, como las selecciones salariales realizadas o la composición del número/edad de los niños, por ejemplo.
B147: Los nombres de los escenarios se pueden actualizar y los resultados se pueden ingresar como valores semanales, mensuales o anuales.
C148: Escenario 1 | D148: Escenario 2 | E148: Escenario 3
B149: =C11 -> Infantes | C149: 4641 | D149: 4726
B150: =C12 -> Niños pequeños
B151: =C13 -> 2 años de edad
B152: =C14 -> 3 años de edad
B153: =C15 -> 4-5 años de edad
B154: =C16 -> Edad escolar
B156: Detalles de los escenarios
...

Sheet Quality Home Profile
A1: PRO-FORMA BUDGET: Nebraska Home-based Model
B2: Items in yellow shaded cells may be changed to model different scenarios | F2: user can change these cells
B3: DO NOT CHANGE OTHER CELLS | F3: these cells have data from the Variables sheet. DO NOT change here.
A4: Family Child Care Home Profile
B6: TOTAL Children | C6: Annual cost per child | D6: Monthly | E6: Cost per age group | G6: 100% CPC | H6: SA Reallocation
A7: ='Cuidado infantil familiar'!B11 -> 1 | B7: ='Cuidado infantil familiar'!C11 -> Infantes | C7: =H7 -> 24230.418 | D7: =C7/12 -> 2019.2015 | E7: =C7*A7 -> 24230.418 | G7: =IF(A7>0,$D$66/A$13,0) -> 24230.418 | H7: =IF(A7>0,SUM(G7,I12),0) -> 24230.418
A8: ='Cuidado infantil familiar'!B12 -> 1 | B8: ='Cuidado infantil familiar'!C12 -> Niños pequeños | C8: =H8 -> 24230.418 | D8: =C8/12 -> 2019.2015 | E8: =C8*A8 -> 24230.418 | G8: =IF(A8>0,$D$66/A$13,0) -> 24230.418 | H8: =IF(A8>0,SUM(G8,I12),0) -> 24230.418
A9: ='Cuidado infantil familiar'!B13 -> 1 | B9: ='Cuidado infantil familiar'!C13 -> 2 años de edad | C9: =H9 -> 24230.418 | D9: =C9/12 -> 2019.2015 | E9: =C9*A9 -> 24230.418 | G9: =IF(A9>0,$D$66/A$13,0) -> 24230.418 | H9: =IF(A9>0,SUM(G9,I12),0) -> 24230.418
A10: ='Cuidado infantil familiar'!B14 -> 1 | B10: ='Cuidado infantil familiar'!C14 -> 3 años de edad | C10: =H10 -> 24230.418 | D10: =C10/12 -> 2019.2015 | E10: =C10*A10 -> 24230.418 | G10: =IF(A10>0,$D$66/A$13,0) -> 24230.418 | H10: =IF(A10>0,SUM(G10,I12),0) -> 24230.418
A11: ='Cuidado infantil familiar'!B15 -> 0 | B11: ='Cuidado infantil familiar'!C15 -> 4-5 años de edad | C11: =H11 -> 0 | D11: =C11/12 -> 0 | E11: =C11*A11 -> 0 | G11: =IF(A11>0,$D$66/A$13,0) -> 0 | H11: =IF(A11>0,SUM(G11,I12),0) -> 0 | I11: =G12*0.6 -> 0 | J11: =G12*0.4 -> 0 | K11: =J11/4 -> 0
A12: ='Cuidado infantil familiar'!B16 -> 0 | B12: ='Cuidado infantil familiar'!C16 -> Edad escolar | C12: =H12 -> 0 | D12: =C12/12 -> 0 | E12: =C12*A12 -> 0 | G12: =IF(A12>0,$D$66/A$13,0) -> 0 | H12: =IF(Schoolagers_FCC>0,SUM(G12*60%,D62/Schoolagers_FCC),0) -> 0 | I12: =SUM(I13*Schoolagers_FCC)/SUM(A7:A11) -> 0 | J12: =SUM(G12-I12)*(SUM(A7:A11)) -> 0
A13: =SUM(A7:A12) -> 4 | E13: =SUM(E7:E12) -> 96921.67 | I13: =G12-C12 -> 0
C14: Coverage | D14: 0
B15: EXPENSES
B16: Salaries and Wages
C17: Annual | D17: TOTAL
A18: 1 | B18: Provider/Owner | C18: =IF('Cuidado infantil familiar'!C$20="BLS ($15 MW adj)",Wages!I$4, IF('Cuidado infantil familiar'!C$20='Cuidado infantil familiar'!L20,Wages!I$5, IF('Cuidado infantil familiar'!C$20='Cuidado infantil familiar'!L21,Wages!I$6, IF('Cuidado infantil familiar'!C$20='Cuidado infantil familiar'!L22,Wages!I$7,)))) -> 65759.375 | D18: =C18*A18 -> 65759.375
A19: =IF(A7>2,1,0) -> 0 | B19: Asst Teacher for more infants | C19: =IF('Cuidado infantil familiar'!C$20="BLS ($15 MW adj)",Wages!J$4, IF('Cuidado infantil familiar'!C$20='Cuidado infantil familiar'!L20,Wages!J$5, IF('Cuidado infantil familiar'!C$20='Cuidado infantil familiar'!L21,Wages!J$6, IF('Cuidado infantil familiar'!C$20='Cuidado infantil familiar'!L22,Wages!J$7,)))) -> 31200 | D19: =C19*A19 -> 0
A20: =IF(SUM(A7:A11)>8,1,0) -> 0 | B20: Asst teacher for Home II | C20: =C19 -> 31200 | D20: =A20*C20 -> 0
A21: =SUM(A18:A20) -> 1 | B21: Total Staff
B22: Hourly Subs
A23: =SUM(A18:A20)*D14*2080 -> 0 | B23: Floater/Sub (coverage) | C23: =C19/2080 -> 15 | D23: =(C23*A23) -> 0
B24: Non-traditional hours | C24: =C18/2080 -> 31.615084 | D24: =(C24*A24) -> 0
A25: =SUM(A23:A24) -> 0 | B25: Total floater/sub hours
B26: Subtotal teaching staff | D26: =SUM(D18:D24) -> 65759.375
B28: subs for staff leave @ days per year | C28: =Paid_Leave_FCC -> 10 | D28: =C28*8*E31*A21 -> 1200
B29: Subs for staff sick leave @ days per year | C29: =Sick_Days_FCC -> 10 | D29: =C29*8*E31*A21 -> 1200
B30: Subs for required training @ hours per year | C30: 12 | D30: =C30*A21*E31 -> 180
B31: subtotal substitutes | D31: =SUM(D28:D30) -> 2580 | E31: =C19/2080 -> 15 | F31: subs paid at asst hourly
B32: TOTAL SALARY AND WAGES | D32: =SUM(D26,D31) -> 68339.375
B34: Mandatory benefits for salaried staff
B35: FICA-Social Security | C35: 0.062 | D35: =SUM(D$32*C35) -> 4237.0413
B36: Medicare | C36: 0.0145 | D36: =SUM(D$32*C36) -> 990.92094
B37: Unemployment Insurance | C37: 0.01 | D37: =SUM(D$32*C37) -> 683.39375
B38: Workers Compensation | C38: 0.02 | D38: =SUM(D$32*C38) -> 1366.7875
B39: Subtotal Mandatory Benefits | C39: =SUM(C35:C38) -> 0.1065 | D39: =SUM(D35:D38) -> 7278.1434
B41: Discretionary benefits | C41: per person
B42: Health Insurance | C42: =IF('Cuidado infantil familiar'!C24="No",0,IF('Cuidado infantil familiar'!C24="Si",5821,0)) -> 0 | D42: =SUM(A21*C42) -> 0
B43: Retirement | C43: ='Cuidado infantil familiar'!C25 -> 0 | D43: =C43*D26 -> 0
B44: Discretionary Benefits | D44: =SUM(D42:D43) -> 0
B46: Subtotal Wages and Benefits | D46: =D32+D39+D44 -> 75617.518 | G46: =D46/D66 -> 0.78019207
B48: VARIABLES
B49: =QualVar!A53 -> Family Engagement | D49: =IF('Cuidado infantil familiar'!D31='Cuidado infantil familiar'!L31,QualVar!B56, IF('Cuidado infantil familiar'!D31='Cuidado infantil familiar'!M31,QualVar!C56, IF('Cuidado infantil familiar'!D31='Cuidado infantil familiar'!N31,QualVar!D56,0))) -> 0
B50: =QualVar!A58 -> Professional Development Supports | D50: =IF('Cuidado infantil familiar'!D32='Cuidado infantil familiar'!L32,QualVar!B61, IF('Cuidado infantil familiar'!D32='Cuidado infantil familiar'!M32,QualVar!C61, IF('Cuidado infantil familiar'!D32='Cuidado infantil familiar'!N32,QualVar!D61,0))) -> 0
B51: =QualVar!A63 -> Planning Release Time | D51: =IF('Cuidado infantil familiar'!D33='Cuidado infantil familiar'!L33,QualVar!B65, IF('Cuidado infantil familiar'!D33='Cuidado infantil familiar'!M33,QualVar!C65, IF('Cuidado infantil familiar'!D33='Cuidado infantil familiar'!N33,QualVar!D65,0))) -> 0
B52: =QualVar!A68 -> Educational Materials & Curriculum | D52: =IF('Cuidado infantil familiar'!D34='Cuidado infantil familiar'!L34,QualVar!B73, IF('Cuidado infantil familiar'!D34='Cuidado infantil familiar'!M34,QualVar!C73, IF('Cuidado infantil familiar'!D34='Cuidado infantil familiar'!N34,QualVar!D73,0))) -> 0
B53: =QualVar!A76 -> Inclusion Materials | D53: =IF('Cuidado infantil familiar'!D35='Cuidado infantil familiar'!L35,QualVar!B79, IF('Cuidado infantil familiar'!D35='Cuidado infantil familiar'!M35,QualVar!C79, IF('Cuidado infantil familiar'!D35='Cuidado infantil familiar'!N35,QualVar!D79,0))) -> 0
B54: =QualVar!A82 -> Transportation | D54: =IF('Cuidado infantil familiar'!D36='Cuidado infantil familiar'!L36,QualVar!B86, IF('Cuidado infantil familiar'!D36='Cuidado infantil familiar'!M36,QualVar!C86, IF('Cuidado infantil familiar'!D36='Cuidado infantil familiar'!N36,QualVar!D86, IF('Cuidado infantil familiar'!D36='Cuidado infantil familiar'!O36,QualVar!E86,0)))) -> 0
B55: Subtotal quality variables | D55: =SUM(D49:D54) -> 0
B57: Other Direct Expense: 100% Business Use (reported on IRS Schedule C)
B58: For details, see Operating Expense Direct & Shared
B59: Nonpersonnel: Admin/Office | D59: =IF('Cuidado infantil familiar'!C$7="Urbano",'Nonpersonnel PCQC'!D88,IF('Cuidado infantil familiar'!C$7="Rural",'Nonpersonnel PCQC'!E88,'Nonpersonnel PCQC'!B88)) -> 5336.328
B60: Nonpersonnel: Program | D60: =IF('Cuidado infantil familiar'!C$7="Urbano",'Nonpersonnel PCQC'!D90,IF('Cuidado infantil familiar'!C$7="Rural",'Nonpersonnel PCQC'!E90,'Nonpersonnel PCQC'!B90)) -> 8001.448
B61: Occupancy | D61: =IF('Cuidado infantil familiar'!C$7="Urbano",'Nonpersonnel PCQC'!D89,IF('Cuidado infantil familiar'!C$7="Rural",'Nonpersonnel PCQC'!E89,'Nonpersonnel PCQC'!B89)) -> 3351.0583
B63: Subtotal Other Expenses | D63: =SUM(D59:D61) -> 16688.834 | G63: =D63/D66 -> 0.17218888
B64: Contribution to operating reserve fund | D64: =E64*(D46+QualityVarCostFCC+D63) -> 4615.3176 | E64: 0.05 | F64: of expenses
C66: Total Expense | D66: =SUM(D46,QualityVarCostFCC,D63,Reserve_Fund_FCC) -> 96921.67
B68: Region | C68: ='Cuidado infantil familiar'!C7 -> Urbano | D68: [Set these values on INPUT-FCC page] | H68: Urban | I68: Suburban | J68: Rural
B69: Reimbursement Level | C69: ='Cuidado infantil familiar'!C57 -> Acc/Step 3 | D69: [Set these values on INPUT-FCC page] | I69: Statewide | J69: Cluster 1 | K69: Cluster 2 | L69: Cluster 3 | M69: Cluster 4
A70: # children | B70: Tuition Region | C70: =C68 -> Urbano | D70: [Set these values on INPUT-FCC page]
B71: Market Rate | C71: ='Cuidado infantil familiar'!C58 -> 50th | D71: [Set these values on INPUT-FCC page]
A72: =SUM(A74:A84) -> 4 | B72: REVENUE | C72: annual rate | D72: Total
A73: ='Cuidado infantil familiar'!C52 -> 4 | B73: CACFP (all ages) | C73: ='Cuidado infantil familiar'!B17*AVERAGE('Fed CACFP'!J12:J13)*52 -> 4992 | D73: =C73 -> 4992 | F73: Monthly rate | G73: 50th %ile | H73: 75th % ile | I73: 85th %ile
A74: ='Cuidado infantil familiar'!D46 -> 0 | B74: ='Quality Center Profile'!B74 -> Private Tuition (infants) | C74: =SUM(F74*12) -> 8320 | D74: =A74*C74 -> 0 | F74: =IF($C$71='Cuidado infantil familiar'!D$59,G74,IF($C$71='Cuidado infantil familiar'!E$59,H74,IF($C$71='Cuidado infantil familiar'!F$59,I74,IF(C$71='Cuidado infantil familiar'!G$59,J74,0)))) -> 693.33333 | G74: =IF($C$70="Urbano",Tuition!G4,IF($C$70="Rural",Tuition!H4,IF($C$70="En todo el estado",Tuition!I4,0))) -> 693.33333 | H74: =IF($C$70="Urbano",Tuition!G10,IF($C$70="Rural",Tuition!H10,IF($C$70="En todo el estado",Tuition!I10,))) -> 769.16667 | I74: =IF(C$70="Urbano",Tuition!G17,IF(C$70="Rural",Tuition!H17,IF(C$70="En todo el estado",Tuition!I17,))) -> 823.33333 | J74: ='Cuidado infantil familiar'!I53 -> 1500
A75: ='Cuidado infantil familiar'!D47 -> 0 | B75: ='Quality Center Profile'!B75 -> Private Tuition (toddlers) | C75: =SUM(F75*12) -> 8060 | D75: =A75*C75 -> 0 | F75: =IF($C$71='Cuidado infantil familiar'!D$59,G75,IF($C$71='Cuidado infantil familiar'!E$59,H75,IF($C$71='Cuidado infantil familiar'!F$59,I75,IF(C$71='Cuidado infantil familiar'!G$59,J75,0)))) -> 671.66667 | G75: =IF($C$70="Urbano",Tuition!G5,IF($C$70="Rural",Tuition!H5,IF($C$70="En todo el estado",Tuition!I5,0))) -> 671.66667 | H75: =IF($C$70="Urbano",Tuition!G11,IF($C$70="Rural",Tuition!H11,IF($C$70="En todo el estado",Tuition!I11,))) -> 758.33333 | I75: =IF(C$70="Urbano",Tuition!G18,IF(C$70="Rural",Tuition!H18,IF(C$70="En todo el estado",Tuition!I18,))) -> 821.16667 | J75: ='Cuidado infantil familiar'!I54 -> 1400
A76: ='Cuidado infantil familiar'!D48 -> 0 | B76: ='Quality Center Profile'!B76 -> Private Tuition (2 year olds) | C76: =SUM(F76*12) -> 8060 | D76: =A76*C76 -> 0 | F76: =IF($C$71='Cuidado infantil familiar'!D$59,G76,IF($C$71='Cuidado infantil familiar'!E$59,H76,IF($C$71='Cuidado infantil familiar'!F$59,I76,IF(C$71='Cuidado infantil familiar'!G$59,J76,0)))) -> 671.66667 | G76: =G75 -> 671.66667 | H76: =H75 -> 758.33333 | I76: =I75 -> 821.16667 | J76: ='Cuidado infantil familiar'!I55 -> 1400
A77: ='Cuidado infantil familiar'!D49 -> 0 | B77: ='Quality Center Profile'!B77 -> Private Tuition (3 year olds) | C77: =SUM(F77*12) -> 8060 | D77: =A77*C77 -> 0 | F77: =IF($C$71='Cuidado infantil familiar'!D$59,G77,IF($C$71='Cuidado infantil familiar'!E$59,H77,IF($C$71='Cuidado infantil familiar'!F$59,I77,IF(C$71='Cuidado infantil familiar'!G$59,J77,0)))) -> 671.66667 | G77: =G78 -> 671.66667 | H77: =H78 -> 758.33333 | I77: =I78 -> 777.83333 | J77: ='Cuidado infantil familiar'!I56 -> 1300
A78: ='Cuidado infantil familiar'!D50 -> 0 | B78: ='Quality Center Profile'!B78 -> Private Tuition (4-5 year olds) | C78: =SUM(F78*12) -> 8060 | D78: =A78*C78 -> 0 | F78: =IF($C$71='Cuidado infantil familiar'!D$59,G78,IF($C$71='Cuidado infantil familiar'!E$59,H78,IF($C$71='Cuidado infantil familiar'!F$59,I78,IF(C$71='Cuidado infantil familiar'!G$59,J78,0)))) -> 671.66667 | G78: =IF($C$70="Urbano",Tuition!G6,IF($C$70="Rural",Tuition!H6,IF($C$70="En todo el estado",Tuition!I6,0))) -> 671.66667 | H78: =IF($C$70="Urbano",Tuition!G12,IF($C$70="Rural",Tuition!H12,IF($C$70="En todo el estado",Tuition!I12,))) -> 758.33333 | I78: =IF(C$70="Urbano",Tuition!G19,IF(C$70="Rural",Tuition!H19,IF(C$70="En todo el estado",Tuition!I19,))) -> 777.83333 | J78: ='Cuidado infantil familiar'!I57 -> 1200
A79: ='Cuidado infantil familiar'!D51 -> 0 | B79: ='Quality Center Profile'!B79 -> Private Tuition (school age) | C79: =SUM(F79*12) -> 2808 | D79: =A79*C79 -> 0 | F79: =IF($C$71='Cuidado infantil familiar'!D$59,G79,IF($C$71='Cuidado infantil familiar'!E$59,H79,IF($C$71='Cuidado infantil familiar'!F$59,I79,IF(C$71='Cuidado infantil familiar'!G$59,J79,0))))*0.6 -> 234 | G79: =IF($C$70="Urbano",Tuition!G7,IF($C$70="Rural",Tuition!H7,IF($C$70="En todo el estado",Tuition!I7,0)))*0.6 -> 390 | H79: =IF($C$70="Urbano",Tuition!G13,IF($C$70="Rural",Tuition!H13,IF($C$70="En todo el estado",Tuition!I13,)))*0.6 -> 429 | I79: =IF(C$70="Urbano",Tuition!G20,IF(C$70="Rural",Tuition!H20,IF(C$70="En todo el estado",Tuition!I20,)))*0.6 -> 474.5 | J79: ='Cuidado infantil familiar'!I58 -> 800
G80: Licensed | H80: Acc/Step 3 | I80: Step 4 | J80: Step 5
A81: ='Cuidado infantil familiar'!C46 -> 1 | B81: ='Quality Center Profile'!B81 -> State subsidy (infants) | C81: =SUM(F81*12) -> 9698 | D81: =A81*C81 -> 9698 | F81: =IF($C$69="Licencia",G81,IF($C$69="Acc/Step 3",H81,IF($C$69="Step 4",I81,IF($C$69="Step 5",J81,0)))) -> 808.16667 | G81: =IF($C$68="Urbano",'State Subsidy'!$J10,IF($C$68="Rural",'State Subsidy'!$L10,IF($C$68="En todo el estado",'State Subsidy'!$N10,))) -> 769.16667 | H81: =IF($C$68="Urbano",'State Subsidy'!$J23,IF($C$68="Rural",'State Subsidy'!$L23,IF($C$68="En todo el estado",'State Subsidy'!$N23,))) -> 808.16667 | I81: =IF($C$68="Urbano",'State Subsidy'!$J36,IF($C$68="Rural",'State Subsidy'!$L36,IF($C$68="En todo el estado",'State Subsidy'!$N36,))) -> 848.25 | J81: =IF($C$68="Urbano",'State Subsidy'!$J49,IF($C$68="Rural",'State Subsidy'!$L49,IF($C$68="En todo el estado",'State Subsidy'!$N49,))) -> 890.5
A82: ='Cuidado infantil familiar'!C47 -> 1 | B82: ='Quality Center Profile'!B82 -> State subsidy (Toddlers) | C82: =SUM(F82*12) -> 9555 | D82: =A82*C82 -> 9555 | F82: =IF($C$69="Licencia",G82,IF($C$69="Acc/Step 3",H82,IF($C$69="Step 4",I82,IF($C$69="Step 5",J82,0)))) -> 796.25 | G82: =IF($C$68="Urbano",'State Subsidy'!$J11,IF($C$68="Rural",'State Subsidy'!$L11,IF($C$68="En todo el estado",'State Subsidy'!$N11,))) -> 758.33333 | H82: =IF($C$68="Urbano",'State Subsidy'!$J24,IF($C$68="Rural",'State Subsidy'!$L24,IF($C$68="En todo el estado",'State Subsidy'!$N24,))) -> 796.25 | I82: =IF($C$68="Urbano",'State Subsidy'!$J37,IF($C$68="Rural",'State Subsidy'!$L37,IF($C$68="En todo el estado",'State Subsidy'!$N37,))) -> 836.33333 | J82: =IF($C$68="Urbano",'State Subsidy'!$J50,IF($C$68="Rural",'State Subsidy'!$L50,IF($C$68="En todo el estado",'State Subsidy'!$N50,))) -> 878.58333
A83: ='Cuidado infantil familiar'!C48 -> 1 | B83: ='Quality Center Profile'!B83 -> State subsidy (2 year olds) | C83: =SUM(F83*12) -> 9555 | D83: =A83*C83 -> 9555 | F83: =IF($C$69="Licencia",G83,IF($C$69="Acc/Step 3",H83,IF($C$69="Step 4",I83,IF($C$69="Step 5",J83,0)))) -> 796.25 | G83: =G82 -> 758.33333 | H83: =H82 -> 796.25 | I83: =I82 -> 836.33333 | J83: =J82 -> 878.58333
A84: ='Cuidado infantil familiar'!C49 -> 1 | B84: ='Quality Center Profile'!B84 -> State subsidy (3 year old) | C84: =SUM(F84*12) -> 9555 | D84: =A84*C84 -> 9555 | F84: =IF($C$69="Licencia",G84,IF($C$69="Acc/Step 3",H84,IF($C$69="Step 4",I84,IF($C$69="Step 5",J84,0)))) -> 796.25 | G84: =IF($C$68="Urbano",'State Subsidy'!J12,IF($C$68="Rural",'State Subsidy'!$L12,IF($C$68="En todo el estado",'State Subsidy'!$N12,))) -> 758.33333 | H84: =IF($C$68="Urbano",'State Subsidy'!$J25,IF($C$68="Rural",'State Subsidy'!$L25,IF($C$68="En todo el estado",'State Subsidy'!$N25,))) -> 796.25 | I84: =IF($C$68="Urbano",'State Subsidy'!$J38,IF($C$68="Rural",'State Subsidy'!$L38,IF($C$68="En todo el estado",'State Subsidy'!$N38,))) -> 836.33333 | J84: =IF($C$68="Urbano",'State Subsidy'!$J51,IF($C$68="Rural",'State Subsidy'!$L51,IF($C$68="En todo el estado",'State Subsidy'!N51,))) -> 878.58333
A85: ='Cuidado infantil familiar'!C50 -> 0 | B85: ='Quality Center Profile'!B85 -> State subsidy (4-5 years) | C85: =SUM(F85*12) -> 9555 | D85: =A85*C85 -> 0 | F85: =IF($C$69="Licencia",G85,IF($C$69="Acc/Step 3",H85,IF($C$69="Step 4",I85,IF($C$69="Step 5",J85,0)))) -> 796.25 | G85: =G84 -> 758.33333 | H85: =H84 -> 796.25 | I85: =I84 -> 836.33333 | J85: =J84 -> 878.58333
A86: ='Cuidado infantil familiar'!C51 -> 0 | B86: ='Quality Center Profile'!B86 -> State subsidy (school age) | C86: =SUM(F86*12) -> 3243.24 | D86: =A86*C86 -> 0 | F86: =IF($C$69="Licencia",G86,IF($C$69="Acc/Step 3",H86,IF($C$69="Step 4",I86,IF($C$69="Step 5",J86,0))))*0.6 -> 270.27 | G86: =IF($C$68="Urbano",'State Subsidy'!$J13,IF($C$68="Rural",'State Subsidy'!$L13,IF($C$68="En todo el estado",'State Subsidy'!$N13,)))*0.6 -> 429 | H86: =IF($C$68="Urbano",'State Subsidy'!$J26,IF($C$68="Rural",'State Subsidy'!$L26,IF($C$68="En todo el estado",'State Subsidy'!$N26,)))*0.6 -> 450.45 | I86: =IF($C$68="Urbano",'State Subsidy'!$J39,IF($C$68="Rural",'State Subsidy'!$L39,IF($C$68="En todo el estado",'State Subsidy'!$N39,)))*0.6 -> 473.2 | J86: =IF($C$68="Urbano",'State Subsidy'!$J52,IF($C$68="Rural",'State Subsidy'!$L52,IF($C$68="En todo el estado",'State Subsidy'!$N52,)))*0.6 -> 497.25
B87: Other income (grants, fundraising, etc.) | D87: ='Cuidado infantil familiar'!C55 -> 25000
D88: =SUM(D73:D87) -> 68355 | E88: = Potential Total Revenue
H89: CPC check
B90: Adjustments to revenue | H90: =B7 -> Infantes | I90: =C7*A7 -> 24230.418
B91: Bad debt | C91: =BadDebt_FCC -> 0.02 | D91: =C91*(D88-D87) -> 867.1 | H91: =B8 -> Niños pequeños | I91: =C8*A8 -> 24230.418
B92: Enrollment efficiency (average) | C92: =EnrollEffic_FCC -> 0.95 | D92: =(1-C92)*(D88-D91-D87) -> 2124.395 | H92: =B9 -> 2 años de edad | I92: =C9*A9 -> 24230.418
D93: =D88-D91-D92 -> 65363.505 | E93: = Actual Total Revenue | H93: =B10 -> 3 años de edad | I93: =C10*A10 -> 24230.418
B94: Annual Revenue less Expenses profit/(loss) | D94: =D93-D66 -> -31558.165 | E94: =D94/D66 -> -0.32560484 | F94: of expenses | H94: =B11 -> 4-5 años de edad | I94: =C11*A11 -> 0
H95: =B12 -> Edad escolar | I95: =C12*A12 -> 0
H96: TOTAL | I96: =SUM(I90:I95) -> 96921.67
I97: =I96-D66 -> 0

Sheet QualVar
A1: Floater/Sub Rate/Hour | B1: ='Quality Center Profile'!E36 -> 24.232212
A2: Teachers | B2: ='Quality Center Profile'!A24+'Quality Center Profile'!A26 -> 4
A3: Asst Teachers | B3: ='Quality Center Profile'!A25+'Quality Center Profile'!A27 -> 5
A4: Director & Asst Dir | B4: =SUM('Quality Center Profile'!A19:A20) -> 1.5
A5: Classrooms | B5: =TotalClassrooms -> 4
A7: Children | B7: ='Cuidado infantil en centros'!F18 -> 56 | C7: =SUM('Cuidado infantil en centros'!F15:F17) -> 20 | D7: (pre+SA)
A9: Family Engagement | B9: Licensing | C9: Point B | D9: Point C
A10: 1 conference annually | B10: 0 | C10: =2*B7*B1 -> 2714.0077 | D10: =2*B7*B1*2 -> 5428.0154 | F10: 2 hour per child, paid at hourly wage of floater/sub
A11: Family Engagement Specialist 1/64 children | D11: =B7/64*F11 -> 69946.625 | F11: ='Quality Center Profile'!E20 -> 79939 | G11: annual salary, 1 for every 64 children, paid at assistant director | K11: =B7/46 -> 1.2173913
A12: Total | B12: =SUM(B10:B11) -> 0 | C12: =SUM(C10:C11) -> 2714.0077 | D12: =SUM(D10:D11) -> 75374.64
A14: Professional Development Supports | B14: =B9 -> Licensing | C14: =C9 -> Point B | D14: =D9 -> Point C
A15: PD hours, director/owner per year | C15: =SUM(B4*B1)*24 -> 872.35962 | D15: =SUM(B4*B1)*36 -> 1308.5394 | F15: coverage paid at floater/sub rate
A16: PD hours, teacher/assistant per year | C16: =SUM(B2:B3)*(B1*24) -> 5234.1577 | D16: =SUM(B2:B3)*(B1*36) -> 7851.2365
A17: Total | B17: =SUM(B15:B16) -> 0 | C17: =SUM(C15:C16) -> 6106.5173 | D17: =SUM(D15:D16) -> 9159.776
A19: Planning Release Time | B19: =B9 -> Licensing | C19: =C9 -> Point B | D19: =D9 -> Point C
A20: Release Time - Lead Teacher | B20: 0 | C20: =SUM(B2*B1)*5*52 -> 25201.5 | D20: =SUM((B2*B1*(6.5*52))) -> 32761.95
A21: Release Time - Asst Teacher | B21: 0 | C21: 0 | D21: =SUM((B3*B1)*(6.5*52)) -> 40952.438
A22: Total | B22: =SUM(B20:B21) -> 0 | C22: =SUM(C20:C21) -> 25201.5 | D22: =SUM(D20:D21) -> 73714.387
A25: Educational Materials & Curriculum | B25: =B14 -> Licensing | C25: =C14 -> Point B | D25: =D14 -> Point C
A26: Curriculum | B26: 0 | C26: =3000*$B5 -> 12000 | D26: =3000*$B5 -> 12000
A27: Materials | B27: 0 | C27: =150*B7 -> 8400 | D27: =250*B7 -> 14000
A28: Assessments | B28: 0 | C28: =SUM(2*B7)*B1 -> 2714.0077 | D28: =SUM(6*B7)*B1 -> 8142.0231 | F28: 1 dev screen annually - 2 hours per child (Point B); dec screen + child assess, 2 hours, 2 times per year (point C)
A29: Ed coordinator | B29: 0 | D29: =B5/10*F11 -> 31975.6 | F29: 1 for every 10 classrooms
A30: Total | B30: =SUM(B26:B29) -> 0 | C30: =SUM(C26:C29) -> 23114.008 | D30: =SUM(D26:D29) -> 66117.623
A33: Inclusion Materials | B33: =B9 -> Licensing | C33: =C9 -> Point B | D33: =D25 -> Point C
A34: Materials | C34: =250*'Cuidado infantil en centros'!F39 -> 0 | D34: =375*'Cuidado infantil en centros'!F39 -> 0
A35: Aide | C35: =SUM('Cuidado infantil en centros'!F39/8)*F35 -> 0 | D35: =SUM('Cuidado infantil en centros'!F39/4)*F35 -> 0 | F35: ='Quality Center Profile'!E24 -> 65524 | G35: salary based on lead teacehr, 1:8 ratio point b, 1:4 poitn c
A36: Total | C36: =SUM(C34:C35) -> 0 | D36: =SUM(D34:D35) -> 0
A39: Transportation | B39: =B33 -> Licensing | C39: =C33 -> Point B | D39: =D33 -> Point C | E39: Point D
A40: School age only | C40: =SUM('Cuidado infantil en centros'!F17*'Cuidado infantil en centros'!F37)*600 -> 0 | F40: $50 a month per child
A41: 3-5 year olds + SA | D41: =SUM('Cuidado infantil en centros'!F15:F17)*'Cuidado infantil en centros'!F37*600 -> 1200
A42: All kids | E42: =B7*'Cuidado infantil en centros'!F37*600 -> 3360
A43: Total | C43: =SUM(C40:C42) -> 0 | D43: =SUM(D40:D42) -> 1200 | E43: =SUM(E40:E42) -> 3360
A47: Family Child Care
A48: Floater/Sub Rate/Hour | B48: ='Quality Home Profile'!C23 -> 15
A49: Teachers | B49: ='Quality Home Profile'!A21 -> 1
A51: Children | B51: ='Cuidado infantil familiar'!B17 -> 4 | C51: =SUM('Cuidado infantil familiar'!B15:B16) -> 0 | D51: (pre+SA)
A53: Family Engagement | B53: Licensing | C53: Point B | D53: Point C
A54: 1 conference annually | B54: 0 | C54: =2*B51*B48 -> 120 | D54: =2*B51*B48*2 -> 240 | F54: 2 hour per child, paid at hourly wage of floater/sub
A55: Family Engagement Specialist 1/64 children | D55: =B51/64*F55 -> 1950 | F55: ='Quality Home Profile'!C20 -> 31200 | G55: annual salary, 1 for every 64 children, paid at instl support staff | K55: =B51/46 -> 0.086956522
A56: Total | B56: =SUM(B54:B55) -> 0 | C56: =SUM(C54:C55) -> 120 | D56: =SUM(D54:D55) -> 2190
A58: Professional Development Supports | B58: =B53 -> Licensing | C58: =C53 -> Point B | D58: =D53 -> Point C
A59: PD hours, director/owner per year | C59: =SUM(B48*24) -> 360 | D59: =SUM(B48*36) -> 540 | F59: coverage paid at floater/sub rate
A60: PD hours, teacher/assistant per year | C60: =SUM(B49*B48)*24 -> 360 | D60: =SUM(B49*B48)*36 -> 540
A61: Total | B61: =SUM(B59:B60) -> 0 | C61: =SUM(C59:C60) -> 720 | D61: =SUM(D59:D60) -> 1080
A63: Planning Release Time | B63: =B53 -> Licensing | C63: =C53 -> Point B | D63: =D53 -> Point C
A64: Release Time - Owner/Director | B64: 0 | C64: =10*52*B48 -> 7800 | D64: =20*52*B48 -> 15600 | F64: 10 hours a week at point B, 20 at point C
A65: Total | B65: =SUM(B64:B64) -> 0 | C65: =SUM(C64:C64) -> 7800 | D65: =SUM(D64:D64) -> 15600
A68: Educational Materials & Curriculum | B68: =B58 -> Licensing | C68: =C58 -> Point B | D68: =D58 -> Point C
A69: Curriculum | B69: 0 | C69: 1500 | D69: 1500
A70: Materials | C70: =150*B51 -> 600 | D70: =250*B51 -> 1000
A71: Assessments | B71: 0 | C71: =SUM(2*B51)*B48 -> 120 | D71: =SUM(6*B51)*B48 -> 360 | F71: 1 dev screen annually - 2 hours per child (Point B); dec screen + child assess, 2 hours, 2 times per year (point C)
A72: Ed coordinator | B72: 0 | D72: =F55*0.25 -> 7800 | F72: 0.25 FTE
A73: Total | B73: =SUM(B69:B72) -> 0 | C73: =SUM(C69:C72) -> 2220 | D73: =SUM(D69:D72) -> 10660
A76: Inclusion Materials | B76: =B53 -> Licensing | C76: =C53 -> Point B | D76: =D68 -> Point C
A77: Materials | B77: 0 | C77: 1000 | D77: 1250
A78: Aide | C78: =SUM('Cuidado infantil familiar'!F37/8)*F78 -> 3900 | D78: =SUM('Cuidado infantil familiar'!F37/4)*F78 -> 7800 | F78: ='Quality Home Profile'!C19 -> 31200 | G78: salary based on asst teacehr, 1:8 ratio point b, 1:4 poitn c
A79: Total | B79: =SUM(B77:B78) -> 0 | C79: =SUM(C77:C78) -> 4900 | D79: =SUM(D77:D78) -> 9050
A82: Transportation | B82: =B76 -> Licensing | C82: =C76 -> Point B | D82: =D76 -> Point C | E82: Point D
A83: School age only | C83: =SUM('Cuidado infantil familiar'!B16*'Cuidado infantil familiar'!F35)*600 -> 0 | F83: $50 a month per child
A84: 3-5 year olds + SA | D84: =SUM(C51*'Cuidado infantil familiar'!F35*600) -> 0
A85: All kids | E85: =B51*'Cuidado infantil familiar'!F35*600 -> 2400
A86: Total | C86: =SUM(C83:C85) -> 0 | D86: =SUM(D83:D85) -> 0 | E86: =SUM(E83:E85) -> 2400

Sheet Wages
A1: Center Region | B1: ='Cuidado infantil en centros'!C6 -> En todo el estado | D1: FCC Region | E1: ='Cuidado infantil familiar'!C7 -> Urbano
B3: Director | C3: Asst Director | D3: Admin Asst | E3: Lead Teacher | F3: Asst Teacher | G3: =G9 -> Floater | H3: =H9 -> Substitute | I3: FCC Owner | J3: FCC Asst
A4: Current (BLS, MW Adj) | B4: =IF($B$1="Urban",B10,IF($B$1="Rural",B11,B12)) -> 66322 | C4: =IF($B$1="Urban",C10,IF($B$1="Rural",C11,C12)) -> 53058 | D4: =IF($B$1="Urban",D10,IF($B$1="Rural",D11,D12)) -> 31200 | E4: =IF($B$1="Urban",E10,IF($B$1="Rural",E11,E12)) -> 47825 | F4: =IF($B$1="Urban",F10,IF($B$1="Rural",F11,F12)) -> 31200 | G4: =IF($B$1="Urban",G10,IF($B$1="Rural",G11,G12)) -> 31200 | H4: =IF($B$1="Urban",H10,IF($B$1="Rural",H11,H12)) -> 31200 | I4: =IF(E$1="Urban",E10/2080*2860,IF(E$1="Rural",E11/2080*2860,E12/2080*2860)) -> 65759.375 | J4: =IF(E$1="Urban",F10,IF(E$1="Rural",F11,F12)) -> 31200
A5: Living Wage | B5: =IF($B$1="Urban",B15,IF($B$1="Rural",B16,B17)) -> 96727 | C5: =IF($B$1="Urban",C15,IF($B$1="Rural",C16,C17)) -> 79939 | D5: =IF($B$1="Urban",D15,IF($B$1="Rural",D16,D17)) -> 41370 | E5: =IF($B$1="Urban",E15,IF($B$1="Rural",E16,E17)) -> 65524 | F5: =IF($B$1="Urban",F15,IF($B$1="Rural",F16,F17)) -> 50403 | G5: =IF($B$1="Urban",G15,IF($B$1="Rural",G16,G17)) -> 50403 | H5: =IF($B$1="Urban",H15,IF($B$1="Rural",H16,H17)) -> 50403 | I5: =IF(E$1="Urban",E15/2080*2860,IF(E$1="Rural",E16/2080*2860,E17/2080*2860)) -> 90095.5 | J5: =IF(E$1="Urban",F15,IF(E$1="Rural",F16,F17)) -> 50403
A6: K-parity | B6: =IF($B$1="Urban",B20,IF($B$1="Rural",B21,B22)) -> 116743 | C6: =IF($B$1="Urban",C20,IF($B$1="Rural",C21,C22)) -> 93395 | D6: =IF($B$1="Urban",D20,IF($B$1="Rural",D21,D22)) -> 54920 | E6: =IF($B$1="Urban",E20,IF($B$1="Rural",E21,E22)) -> 84184 | F6: =IF($B$1="Urban",F20,IF($B$1="Rural",F21,F22)) -> 54920 | G6: =IF($B$1="Urban",G20,IF($B$1="Rural",G21,G22)) -> 54920 | H6: =IF($B$1="Urban",H20,IF($B$1="Rural",H21,H22)) -> 54920 | I6: =IF(E$1="Urban",E20/2080*2860,IF(E$1="Rural",E21/2080*2860,E22/2080*2860)) -> 115753 | J6: =IF(E$1="Urban",F20,IF(E$1="Rural",F21,F22)) -> 54920
A7: User entered | B7: =IF($B$1="Urban",B25,IF($B$1="Rural",B26,B27)) -> 100000 | C7: =IF($B$1="Urban",C25,IF($B$1="Rural",C26,C27)) -> 80000 | D7: =IF($B$1="Urban",D25,IF($B$1="Rural",D26,D27)) -> 40000 | E7: =IF($B$1="Urban",E25,IF($B$1="Rural",E26,E27)) -> 50000 | F7: =IF($B$1="Urban",F25,IF($B$1="Rural",F26,F27)) -> 40000 | G7: =IF($B$1="Urban",G25,IF($B$1="Rural",G26,G27)) -> 40000 | H7: =IF($B$1="Urban",H25,IF($B$1="Rural",H26,H27)) -> 40000 | I7: ='Cuidado infantil familiar'!I20 -> 20000 | J7: ='Cuidado infantil familiar'!I21 -> 10000
A9: =A4 -> Current (BLS, MW Adj) | B9: Director | C9: Asst Director | D9: Admin Asst | E9: Lead Teacher | F9: Asst Teacher | G9: Floater | H9: Substitute
A10: Urban | B10: =B12 -> 66322 | C10: =C12 -> 53058 | D10: =F10 -> 31200 | E10: =E12 -> 47825 | F10: =F12 -> 31200 | G10: =G12 -> 31200 | H10: =H12 -> 31200
A11: Rural | B11: =B12 -> 66322 | C11: =C12 -> 53058 | D11: =F11 -> 31200 | E11: =E12 -> 47825 | F11: =F12 -> 31200 | G11: =G12 -> 31200 | H11: =H12 -> 31200
A12: Statewide | B12: 66322 | C12: 53058 | D12: =F12 -> 31200 | E12: 47825 | F12: 31200 | G12: =F12 -> 31200 | H12: =G12 -> 31200
A14: =A5 -> Living Wage | B14: Director | C14: Asst Director | D14: Admin Asst | E14: Lead Teacher | F14: Asst Teacher | G14: Floater | H14: Substitute
A15: =A10 -> Urban | B15: 124423 | C15: 102829 | D15: =G15 -> 64835 | E15: 84286 | F15: 64835 | G15: 64835 | H15: 64835 | I15: =E15/2080*2860 -> 115893.25
A16: =A11 -> Rural | B16: 92862 | C16: 76770 | D16: 48405 | E16: 62926 | F16: 48405 | G16: 48405 | H16: 48405 | I16: =E16/2080*2860 -> 86523.25
A17: =A12 -> Statewide | B17: 96727 | C17: 79939 | D17: 41370 | E17: 65524 | F17: 50403 | G17: =F17 -> 50403 | H17: =G17 -> 50403 | I17: =E17/2080*2860 -> 90095.5
A19: =A6 -> K-parity | B19: Director | C19: Asst Director | D19: Admin Asst | E19: Lead Teacher | F19: Asst Teacher | G19: Floater | H19: Substitute
A20: =A15 -> Urban | B20: =B21 -> 116743 | C20: =C21 -> 93395 | D20: =G20 -> 54920 | E20: =E21 -> 84184 | F20: =F21 -> 54920 | G20: =G21 -> 54920 | H20: =H21 -> 54920
A21: =A16 -> Rural | B21: =B22 -> 116743 | C21: =C22 -> 93395 | D21: =G21 -> 54920 | E21: =E22 -> 84184 | F21: =F22 -> 54920 | G21: =G22 -> 54920 | H21: =H22 -> 54920
A22: =A17 -> Statewide | B22: 116743 | C22: 93395 | D22: =G22 -> 54920 | E22: 84184 | F22: 54920 | G22: =F22 -> 54920 | H22: =G22 -> 54920
A24: =A7 -> User entered | B24: Director | C24: Asst Director | D24: Admin Asst | E24: Lead Teacher | F24: Asst Teacher | G24: Floater | H24: Substitute
A25: =A20 -> Urban | B25: =B26 -> 100000 | C25: =C26 -> 80000 | D25: =D26 -> 40000 | E25: =E26 -> 50000 | F25: =F26 -> 40000 | G25: =G26 -> 40000 | H25: =H26 -> 40000
A26: =A21 -> Rural | B26: =B27 -> 100000 | C26: =C27 -> 80000 | D26: =D27 -> 40000 | E26: =E27 -> 50000 | F26: =F27 -> 40000 | G26: =G27 -> 40000 | H26: =H27 -> 40000
A27: =A22 -> Statewide | B27: ='Cuidado infantil en centros'!I25 -> 100000 | C27: =B27*0.8 -> 80000 | D27: =F27 -> 40000 | E27: ='Cuidado infantil en centros'!I23 -> 50000 | F27: ='Cuidado infantil en centros'!I24 -> 40000 | G27: =F27 -> 40000 | H27: =G27 -> 40000
B48: lead teacher - preschool | C48: =D48*2080 -> 48921.6 | D48: 23.52
B49: lead teacher - toddler | C49: =D49*2080 -> 43409.6 | D49: 20.87
B50: lead teacher - infant | C50: =D50*2080 -> 34652.8 | D50: 16.66 | E50: 40222
C51: =D51*2080 -> 25168 | D51: 12.1 | E51: 25000
C52: =D52*2080 -> 30721.6 | D52: 14.77
C53: =D53*2080 -> 21236.8 | D53: 10.21
C54: =D54*2080 -> 24731.2 | D54: 11.89

Sheet Ratios
A1: CENTERS
A2: Ratios | B2: Licensing | C2: NAEYC | D2: CFOC
A3: Infantes | B3: 4 | C3: 4 | D3: 3
A4: Niños pequeños | B4: 6 | C4: 4 | D4: 4
A5: 2 años de edad | B5: 6 | C5: 6 | D5: 4
A6: 3 años de edad | B6: 10 | C6: 8 | D6: 7
A7: 4-5 años de edad | B7: 12 | C7: 10 | D7: 8
A8: Edad escolar | B8: 15 | C8: 15 | D8: 12
A10: Group Size | B10: =B2 -> Licensing
A11: Infantes | B11: 12 | C11: =C3*2 -> 8 | D11: =D3*2 -> 6
A12: Niños pequeños | B12: 12 | C12: =C4*2 -> 8 | D12: =D4*2 -> 8
A13: 2 años de edad | B13: 12 | C13: =C5*2 -> 12 | D13: =D5*2 -> 8
A14: 3 años de edad | B14: 20 | C14: =C6*2 -> 16 | D14: =D6*2 -> 14
A15: 4-5 años de edad | B15: 24 | C15: =C7*2 -> 20 | D15: =D7*2 -> 16
A16: Edad escolar | B16: 30 | C16: =C8*2 -> 30 | D16: =D8*2 -> 24

Sheet Nonpersonnel PCQC
B1: PCQC - Center | C1: Fixed Cost | D1: Urban | E1: Rural
A2: Kids | B2: ='Cuidado infantil en centros'!F18 -> 56 | D2: =B2 -> 56 | E2: =B2 -> 56
A3: Classrooms | B3: ='Cuidado infantil en centros'!C18 -> 4 | D3: =B3 -> 4 | E3: =B3 -> 4
A4: annual costs | D4: 1.04 | E4: 0.97 | G4: Based on data from ARPA survey | H4: CCA Region | I4: Avg_cc_mortgage_cost | J4: avg cc rent
A5: Program Management | H5: Central WA | I5: 2100.4545 | J5: 1620.8092 | K5: =AVERAGE(I5:J5)*12 -> 22327.583
A6: Office Supplies/Equipment | B6: =SUM(111.1)*B2 -> 6221.6 | C6: x | D6: =B6 -> 6221.6 | E6: =B6 -> 6221.6 | H6: Eastern WA | I6: 3085.4667 | J6: 1776.1546 | K6: =AVERAGE(I6:J6)*12 -> 29169.728
A7: Telephone/Internet | B7: 4874 | C7: x | D7: =B7 -> 4874 | E7: =B7 -> 4874 | H7: King & Pierce Counties | I7: 4999.0949 | J7: 2610.1503 | K7: =AVERAGE(I7:J7)*12 -> 45655.471
A8: Insurance | B8: =SUM(119.1*B2) -> 6669.6 | C8: x | D8: =B8 -> 6669.6 | E8: =B8 -> 6669.6 | H8: Northwest WA | I8: 9252.97 | J8: 2796.2171 | K8: =AVERAGE(I8:J8)*12 -> 72295.123
A9: Legal/Professional Fees | B9: 3249.3 | C9: x | D9: =B9 -> 3249.3 | E9: =B9 -> 3249.3 | H9: Olympic Peninsula | I9: 1900 | J9: 1681.5668 | K9: =AVERAGE(I9:J9)*12 -> 21489.401
A10: Fees/Permits | B10: 541.6 | C10: x | D10: =B10 -> 541.6 | E10: =B10 -> 541.6 | H10: Southwest WA | I10: 4930 | J10: 2002.425 | K10: =AVERAGE(I10:J10)*12 -> 41594.55
A11: Prof Assoc/Memberships | B11: 1169.9 | C11: x | D11: =B11 -> 1169.9 | E11: =B11 -> 1169.9 | H11: AVERAGE | I11: =AVERAGE(I5:I10) -> 4377.9977 | J11: =AVERAGE(J5:J10) -> 2081.2205 | K11: =AVERAGE(I11:J11)*12 -> 38755.309
A12: Recruitment/marketing | K12: =K11/6 -> 6459.2182
A13: Other
A14: Occupancy
A15: Rent /Lease/Mortgage (incl RE taxes) | B15: =SUM(35*B2*12.6) -> 24696 | D15: =B15*$D$4 -> 25683.84 | E15: =B15*$E$4 -> 23955.12 | H15: Central WA | I15: Eastern WA | J15: King & Pierce | K15: Northwest WA | L15: Olympic Peninsula | M15: Southwest WA | N15: Statewide
A16: Other occupancy (incl utilities) | B16: =SUM(3.8,1.9)*(35*B2) -> 11172 | D16: =B16*$D$4 -> 11618.88 | E16: =B16*$E$4 -> 10836.84 | H16: =K5/6 -> 3721.2638 | I16: =K6/6 -> 4861.6213 | J16: =K7/6 -> 7609.2451 | K16: =K8/6 -> 12049.187 | L16: =K9/6 -> 3581.5668 | M16: =K10/6 -> 6932.425 | N16: =K12 -> 6459.2182
A17: Maintenance/Repairs/cleaning | B17: =SUM(35*B2*4) -> 7840 | D17: =B17*$D$4 -> 8153.6 | E17: =B17*$E$4 -> 7604.8 | H17: =H16*$D$3 -> 14885.055 | I17: =I16*$D$3 -> 19446.485 | J17: =J16*$D$3 -> 30436.981 | K17: =K16*$D$3 -> 48196.749 | L17: =L16*$D$3 -> 14326.267 | M17: =M16*$D$3 -> 27729.7 | N17: =N16*$D$3 -> 25836.873
H18: =H17/35 -> 425.28729
A19: Education/Program - Child
A20: Food & Food Related Items | B20: =SUM(1372.1,52.8)*B2 -> 79794.4 | D20: =B20*$D$4 -> 82986.176 | E20: =B20*$E$4 -> 77400.568
A21: Classroom supplies | B21: =SUM(138.9)*B2 -> 7778.4 | D21: =B21*$D$4 -> 8089.536 | E21: =B21*$E$4 -> 7545.048
A22: Medical Supplies | B22: =55.6*B2 -> 3113.6 | C22: x | D22: =B22 -> 3113.6 | E22: =B22 -> 3113.6
A23: Educational Supplies | B23: =111.1*B2 -> 6221.6 | D23: =B23*$D$4 -> 6470.464 | E23: =B23*$E$4 -> 6034.952
A24: postage | B24: =24*B2 -> 1344 | C24: x | D24: =B24 -> 1344 | E24: =B24 -> 1344
A25: advertising | B25: =21.6*B2 -> 1209.6 | C25: x | D25: =B25 -> 1209.6 | E25: =B25 -> 1209.6
A26: Other
A29: Education/Program - Staff
A30: Other: Prof Consultants/Temp Personnel
A31: Training/PD | B31: =200*'Quality Center Profile'!E13 -> 1800 | D31: =B31*D4 -> 1872 | E31: =B31*E4 -> 1746
A34: Total Non-Personnel | B34: =SUM(B6:B32) -> 167695.6 | D34: =SUM(D6:D32) -> 173267.7 | E34: =SUM(E6:E32) -> 163516.53
A35: Per classroom | B35: =B34/B3 -> 41923.9 | D35: =D34/D3 -> 43316.924 | E35: =E34/E3 -> 40879.132
A36: per child | B36: =B34/B2 -> 2994.5643 | D36: =D34/D4 -> 166603.55 | E36: =E34/E4 -> 168573.74
A38: Administration (by child) | B38: =SUM(B6:B10)/B2 -> 384.93036 | D38: =SUM(D6:D10)/D2 -> 384.93036 | E38: =SUM(E6:E10)/E2 -> 384.93036
A39: Occupancy (by classroom) | B39: =SUM(B15:B17)/B3 -> 10927 | D39: =SUM(D15:D17)/D3 -> 11364.08 | E39: =SUM(E15:E17)/E3 -> 10599.19
A40: Education Program (by child) | B40: =SUM(B20:B25,B31)/B2 -> 1808.2429 | D40: =SUM(D20:D25,D31)/D2 -> 1876.5246 | E40: =SUM(E20:E25,E31)/E2 -> 1757.0316
B41: Use in CTR R&E
D45: Urban | E45: Rural
D46: =B46 -> 0 | E46: =B46 -> 0
A47: Category | B47: PCQC - FCC | D47: =B47 -> PCQC - FCC | E47: =B47 -> PCQC - FCC
B48: ='[4]VariablesINPUT-FCC'!B67 -> Benefits | D48: 1.04 | E48: 0.97
B49: total site
A50: Advertising | B50: 162.5 | D50: =$B50*D$48 -> 169 | E50: =$B50*E$48 -> 157.625
A51: vehicle expense | B51: 305.5 | C51: X | D51: =B51 -> 305.5 | E51: =B51 -> 305.5
A52: depreciation | B52: 366.6 | C52: X | D52: =B52 -> 366.6 | E52: =B52 -> 366.6
A53: insurance | B53: 536.1 | C53: X | D53: =B53 -> 536.1 | E53: =B53 -> 536.1
A54: interest on biz debt | B54: 144.4 | C54: X | D54: =$B54*D$48 -> 150.176 | E54: =$B54*E$48 -> 140.068
A55: legal & Prof fees | B55: 733.3 | D55: =B55 -> 733.3 | E55: =B55 -> 733.3
A56: Office supplies | B56: 222.2 | C56: X | D56: =B56 -> 222.2 | E56: =B56 -> 222.2
A57: Repairs/Maint | B57: 294.4 | D57: =$B57*D$48 -> 306.176 | E57: =$B57*E$48 -> 285.568
A58: Supplies | B58: 555.5 | D58: =$B58*D$48 -> 577.72 | E58: =$B58*E$48 -> 538.835
A59: Food | B59: 6860.4 | D59: =B59*$D48 -> 7134.816 | E59: =B59*$E48 -> 6654.588
A60: Telephone | B60: 1083.1 | D60: =B60*$D$48 -> 1126.424 | E60: =B60*$E$48 -> 1050.607
A61: Training/PD | B61: 277.8 | D61: =B61*$D$48 -> 288.912 | E61: =B61*$E$48 -> 269.466
A62: Prof Member | B62: 122.2 | C62: X | D62: =B62*$D$48 -> 127.088 | E62: =B62*$E$48 -> 118.534
A63: License/permits | B63: 119.1 | C63: X | D63: =B63*$D$48 -> 123.864 | E63: =B63*$E$48 -> 115.527
A64: Field Trips | D64: =B64*$D$48 -> 0 | E64: =B64*$E$48 -> 0
A65: Equipment | D65: =B65*$D$48 -> 0 | E65: =B65*$E$48 -> 0
A66: Misc | B66: 1169.9 | C66: X | D66: =B66 -> 1169.9 | E66: =B66 -> 1169.9
A67: Total | B67: =SUM(B50:B66) -> 12953 | D67: =SUM(D50:D66) -> 13337.776 | E67: =SUM(E50:E66) -> 12664.418
A69: Mortgage/Rent | B69: 11073.2 | D69: =B69*D$48 -> 11516.128 | E69: =B69*E$48 -> 10741.004
A70: Insurance | B70: 801.5 | D70: =B70*D$48 -> 833.56 | E70: =B70*E$48 -> 777.455
A71: Home Repairs/Maint | B71: 595.8 | D71: =B71*D$48 -> 619.632 | E71: =B71*E$48 -> 577.926
A72: Utilities | B72: 2271.9 | D72: =B72*D$48 -> 2362.776 | E72: =B72*E$48 -> 2203.743
A73: Household supplies | B73: 294.4 | D73: =B73*D$48 -> 306.176 | E73: =B73*E$48 -> 285.568
A74: Total | B74: =SUM(B69:B73) -> 15036.8 | D74: =SUM(D69:D73) -> 15638.272 | E74: =SUM(E69:E73) -> 14585.696
A76: Hours worked | B76: 60 | D76: =B76 -> 60 | E76: =B76 -> 60
A77: Space in home | B77: 1200 | D77: =B77 -> 1200 | E77: =B77 -> 1200
A78: Total space | B78: 2000 | D78: =B78 -> 2000 | E78: =B78 -> 2000
A79: Time-Space Percent | B79: =SUM(B76/(24*7)*(B77/B78)) -> 0.21428571 | D79: =SUM(D76/(24*7)*(D77/D78)) -> 0.21428571 | E79: =SUM(E76/(24*7)*(E77/E78)) -> 0.21428571
A82: Total 100% Biz | B82: =SUM(B50:B66) -> 12953 | D82: =SUM(D50:D66) -> 13337.776 | E82: =SUM(E50:E66) -> 12664.418
A83: Shared expense | B83: =B74*B79 -> 3222.1714 | D83: =D74*D79 -> 3351.0583 | E83: =E74*E79 -> 3125.5063
A85: Total Nonpersonnel | B85: =SUM(B82:B83) -> 16175.171 | D85: =SUM(D82:D83) -> 16688.834 | E85: =SUM(E82:E83) -> 15789.924
B87: TOTAL | E87: TOTAL
A88: Administration | B88: =SUM(B50,B51,B52,B53,B54,B55,B56,B57,B60,B62,B63,B66) -> 5259.3 | D88: =SUM(D50,D51,D52,D53,D54,D55,D56,D57,D60,D62,D63,D66) -> 5336.328 | E88: =SUM(E50,E51,E52,E53,E54,E55,E56,E57,E60,E62,E63,E66) -> 5201.529
A89: Occupancy | B89: =B83 -> 3222.1714 | D89: =D83 -> 3351.0583 | E89: =E83 -> 3125.5063
A90: Education Program | B90: =SUM(B59,B58,B61) -> 7693.7 | D90: =SUM(D59,D58,D61) -> 8001.448 | E90: =SUM(E59,E58,E61) -> 7462.889
B91: Use in FCC R&E | E91: Use in FCC R&E
B92: =B88/6 -> 876.55 | D92: =D88/6 -> 889.388 | E92: =E88/6 -> 866.9215
B93: =B89/6 -> 537.02857 | D93: =D89/6 -> 558.50971 | E93: =E89/6 -> 520.91771
B94: =B90/6 -> 1282.2833 | D94: =D90/6 -> 1333.5747 | E94: =E90/6 -> 1243.8148

Sheet State Subsidy
B1: CENTERS | J1: HOMES | Q1: https://dhhs.ne.gov/Child%20Care%20Documents/Subsidy-Rates.pdf
B2: Urban | D2: Rural | F2: Statewide | J2: Urban | L2: Rural | N2: Statewide
A3: LICENSED | B3: Full Day | C3: Half Day | D3: Full Day | E3: Half Day | F3: Full Day | G3: Half Day | I3: LICENSED | J3: Full Day | K3: Half Day | L3: Full Day | M3: Half Day | N3: Full Day | O3: Half Day
A4: Infants | B4: 58.25 | C4: 46.75 | D4: 36.8 | E4: 28.95 | F4: =AVERAGE(C4,D4) -> 41.775 | G4: =AVERAGE(C4,E4) -> 37.85 | I4: Infants | J4: 35.5 | K4: 30.5 | L4: 30.25 | M4: 25 | N4: =AVERAGE(K4,L4) -> 30.375 | O4: =AVERAGE(K4,M4) -> 27.75
A5: Toddlers | B5: 51.5 | C5: 41 | D5: 35 | E5: 27.9 | F5: =AVERAGE(C5,D5) -> 38 | G5: =AVERAGE(C5,E5) -> 34.45 | I5: Toddlers | J5: 35 | K5: 30 | L5: 30 | M5: 25 | N5: =AVERAGE(K5,L5) -> 30 | O5: =AVERAGE(K5,M5) -> 27.5
A6: Preschool | B6: 46.51 | C6: 34.5 | D6: 34.3 | E6: 24 | F6: =AVERAGE(B6,D6) -> 40.405 | G6: =AVERAGE(C6,E6) -> 29.25 | I6: Preschool | J6: 35 | K6: 30 | L6: 30 | M6: 25 | N6: =AVERAGE(J6,L6) -> 32.5 | O6: =AVERAGE(K6,M6) -> 27.5
A7: School-age | B7: 40 | C7: 36 | D7: 35.75 | E7: 24.75 | F7: =AVERAGE(B7,D7) -> 37.875 | G7: =AVERAGE(C7,E7) -> 30.375 | I7: School-age | J7: 33 | K7: 30 | L7: 30 | M7: 25 | N7: =AVERAGE(J7,L7) -> 31.5 | O7: =AVERAGE(K7,M7) -> 27.5
A9: Monthly | I9: Monthly
A10: Infants | B10: =(B4/8)*2080/12 -> 1262.0833 | C10: =(C4/8)*2080/12 -> 1012.9167 | D10: =(D4/8)*2080/12 -> 797.33333 | E10: =(E4/8)*2080/12 -> 627.25 | F10: =(F4/8)*2080/12 -> 905.125 | G10: =(G4/8)*2080/12 -> 820.08333 | I10: Infants | J10: =(J4/8)*2080/12 -> 769.16667 | K10: =(K4/8)*2080/12 -> 660.83333 | L10: =(L4/8)*2080/12 -> 655.41667 | M10: =(M4/8)*2080/12 -> 541.66667 | N10: =(N4/8)*2080/12 -> 658.125 | O10: =(O4/8)*2080/12 -> 601.25
A11: Toddlers | B11: =(B5/8)*2080/12 -> 1115.8333 | C11: =(C5/8)*2080/12 -> 888.33333 | D11: =(D5/8)*2080/12 -> 758.33333 | E11: =(E5/8)*2080/12 -> 604.5 | F11: =(F5/8)*2080/12 -> 823.33333 | G11: =(G5/8)*2080/12 -> 746.41667 | I11: Toddlers | J11: =(J5/8)*2080/12 -> 758.33333 | K11: =(K5/8)*2080/12 -> 650 | L11: =(L5/8)*2080/12 -> 650 | M11: =(M5/8)*2080/12 -> 541.66667 | N11: =(N5/8)*2080/12 -> 650 | O11: =(O5/8)*2080/12 -> 595.83333
A12: Preschool | B12: =(B6/8)*2080/12 -> 1007.7167 | C12: =(C6/8)*2080/12 -> 747.5 | D12: =(D6/8)*2080/12 -> 743.16667 | E12: =(E6/8)*2080/12 -> 520 | F12: =(F6/8)*2080/12 -> 875.44167 | G12: =(G6/8)*2080/12 -> 633.75 | I12: Preschool | J12: =(J6/8)*2080/12 -> 758.33333 | K12: =(K6/8)*2080/12 -> 650 | L12: =(L6/8)*2080/12 -> 650 | M12: =(M6/8)*2080/12 -> 541.66667 | N12: =(N6/8)*2080/12 -> 704.16667 | O12: =(O6/8)*2080/12 -> 595.83333
A13: School-age | B13: =(B7/8)*2080/12 -> 866.66667 | C13: =(C7/8)*2080/12 -> 780 | D13: =(D7/8)*2080/12 -> 774.58333 | E13: =(E7/8)*2080/12 -> 536.25 | F13: =(F7/8)*2080/12 -> 820.625 | G13: =(G7/8)*2080/12 -> 658.125 | I13: School-age | J13: =(J7/8)*2080/12 -> 715 | K13: =(K7/8)*2080/12 -> 650 | L13: =(L7/8)*2080/12 -> 650 | M13: =(M7/8)*2080/12 -> 541.66667 | N13: =(N7/8)*2080/12 -> 682.5 | O13: =(O7/8)*2080/12 -> 595.83333
B15: =B2 -> Urban | D15: =D2 -> Rural | F15: Statewide | J15: =J2 -> Urban | L15: =L2 -> Rural | N15: Statewide
A16: Accredited/Step 3 | B16: Full Day | C16: Half Day | D16: Full Day | E16: Half Day | F16: Full Day | G16: Half Day | I16: Accredited/Step 3 | J16: Full Day | K16: Half Day | L16: Full Day | M16: Half Day | N16: Full Day | O16: Half Day
A17: Infants | B17: 61.2 | C17: 49.1 | D17: =SUM((D4*5%),D4) -> 38.64 | E17: =SUM((E4*5%),E4) -> 30.3975 | F17: =AVERAGE(B17,D17) -> 49.92 | G17: =AVERAGE(C17,E17) -> 39.74875 | I17: Infants | J17: 37.3 | K17: 32.05 | L17: 31.8 | M17: 26.25 | N17: =AVERAGE(J17,L17) -> 34.55 | O17: =AVERAGE(K17,M17) -> 29.15
A18: Toddlers | B18: 54.1 | C18: =SUM((C5*5%),C5) -> 43.05 | D18: =SUM((D5*5%),D5) -> 36.75 | E18: =SUM((E5*5%),E5) -> 29.295 | F18: =AVERAGE(B18,D18) -> 45.425 | G18: =AVERAGE(C18,E18) -> 36.1725 | I18: Toddlers | J18: 36.75 | K18: 31.5 | L18: 31.5 | M18: 26.25 | N18: =AVERAGE(J18,L18) -> 34.125 | O18: =AVERAGE(K18,M18) -> 28.875
A19: Preschool | B19: 46.85 | C19: 36.25 | D19: =SUM((D6*5%),D6) -> 36.015 | E19: =SUM((E6*5%),E6) -> 25.2 | F19: =AVERAGE(B19,D19) -> 41.4325 | G19: =AVERAGE(C19,E19) -> 30.725 | I19: Preschool | J19: 36.75 | K19: 31.5 | L19: 31.5 | M19: 26.25 | N19: =AVERAGE(J19,L19) -> 34.125 | O19: =AVERAGE(K19,M19) -> 28.875
A20: School-age | B20: =SUM((B7*5%),B7) -> 42 | C20: =SUM((C7*5%),C7) -> 37.8 | D20: =SUM((D7*5%),D7) -> 37.5375 | E20: =SUM((E7*5%),E7) -> 25.9875 | F20: =AVERAGE(B20,D20) -> 39.76875 | G20: =AVERAGE(C20,E20) -> 31.89375 | I20: School-age | J20: 34.65 | K20: 31.5 | L20: 31.5 | M20: 26.25 | N20: =AVERAGE(J20,L20) -> 33.075 | O20: =AVERAGE(K20,M20) -> 28.875
A22: Monthly | I22: Monthly
A23: Infants | B23: =(B17/8)*2080/12 -> 1326 | C23: =(C17/8)*2080/12 -> 1063.8333 | D23: =(D17/8)*2080/12 -> 837.2 | E23: =(E17/8)*2080/12 -> 658.6125 | F23: =(F17/8)*2080/12 -> 1081.6 | G23: =(G17/8)*2080/12 -> 861.22292 | I23: Infants | J23: =(J17/8)*2080/12 -> 808.16667 | K23: =(K17/8)*2080/12 -> 694.41667 | L23: =(L17/8)*2080/12 -> 689 | M23: =(M17/8)*2080/12 -> 568.75 | N23: =(N17/8)*2080/12 -> 748.58333 | O23: =(O17/8)*2080/12 -> 631.58333
A24: Toddlers | B24: =(B18/8)*2080/12 -> 1172.1667 | C24: =(C18/8)*2080/12 -> 932.75 | D24: =(D18/8)*2080/12 -> 796.25 | E24: =(E18/8)*2080/12 -> 634.725 | F24: =(F18/8)*2080/12 -> 984.20833 | G24: =(G18/8)*2080/12 -> 783.7375 | I24: Toddlers | J24: =(J18/8)*2080/12 -> 796.25 | K24: =(K18/8)*2080/12 -> 682.5 | L24: =(L18/8)*2080/12 -> 682.5 | M24: =(M18/8)*2080/12 -> 568.75 | N24: =(N18/8)*2080/12 -> 739.375 | O24: =(O18/8)*2080/12 -> 625.625
A25: Preschool | B25: =(B19/8)*2080/12 -> 1015.0833 | C25: =(C19/8)*2080/12 -> 785.41667 | D25: =(D19/8)*2080/12 -> 780.325 | E25: =(E19/8)*2080/12 -> 546 | F25: =(F19/8)*2080/12 -> 897.70417 | G25: =(G19/8)*2080/12 -> 665.70833 | I25: Preschool | J25: =(J19/8)*2080/12 -> 796.25 | K25: =(K19/8)*2080/12 -> 682.5 | L25: =(L19/8)*2080/12 -> 682.5 | M25: =(M19/8)*2080/12 -> 568.75 | N25: =(N19/8)*2080/12 -> 739.375 | O25: =(O19/8)*2080/12 -> 625.625
A26: School-age | B26: =(B20/8)*2080/12 -> 910 | C26: =(C20/8)*2080/12 -> 819 | D26: =(D20/8)*2080/12 -> 813.3125 | E26: =(E20/8)*2080/12 -> 563.0625 | F26: =(F20/8)*2080/12 -> 861.65625 | G26: =(G20/8)*2080/12 -> 691.03125 | I26: School-age | J26: =(J20/8)*2080/12 -> 750.75 | K26: =(K20/8)*2080/12 -> 682.5 | L26: =(L20/8)*2080/12 -> 682.5 | M26: =(M20/8)*2080/12 -> 568.75 | N26: =(N20/8)*2080/12 -> 716.625 | O26: =(O20/8)*2080/12 -> 625.625
B28: =B15 -> Urban | D28: =D15 -> Rural | F28: Statewide | J28: =J15 -> Urban | L28: =L15 -> Rural | N28: Statewide
A29: Step 4 | B29: Full Day | C29: Half Day | D29: Full Day | E29: Half Day | F29: Full Day | G29: Half Day | I29: Step 4 | J29: Full Day | K29: Half Day | L29: Full Day | M29: Half Day | N29: Full Day | O29: Half Day
A30: Infants | B30: 64.25 | C30: 51.55 | D30: 40.6 | E30: 31.95 | F30: =AVERAGE(B30,D30) -> 52.425 | G30: =AVERAGE(C30,E30) -> 41.75 | I30: Infants | J30: 39.15 | K30: 33.65 | L30: 33.4 | M30: 27.6 | N30: =AVERAGE(J30,L30) -> 36.275 | O30: =AVERAGE(K30,M30) -> 30.625
A31: Toddlers | B31: 56.8 | C31: =SUM((C18*5%),C18) -> 45.2025 | D31: 38.6 | E31: 30.8 | F31: =AVERAGE(B31,D31) -> 47.7 | G31: =AVERAGE(C31,E31) -> 38.00125 | I31: Toddlers | J31: 38.6 | K31: 33.1 | L31: 33.1 | M31: 27.6 | N31: =AVERAGE(J31,L31) -> 35.85 | O31: =AVERAGE(K31,M31) -> 30.35
A32: Preschool | B32: 49.2 | C32: 38.05 | D32: 37.8 | E32: 26.5 | F32: =AVERAGE(B32,D32) -> 43.5 | G32: =AVERAGE(C32,E32) -> 32.275 | I32: Preschool | J32: 38.6 | K32: 33.1 | L32: 33.1 | M32: 27.6 | N32: =AVERAGE(J32,L32) -> 35.85 | O32: =AVERAGE(K32,M32) -> 30.35
A33: School-age | B33: =SUM((B20*5%),B20) -> 44.1 | C33: 39.7 | D33: 39.4 | E33: 27.3 | F33: =AVERAGE(B33,D33) -> 41.75 | G33: =AVERAGE(C33,E33) -> 33.5 | I33: School-age | J33: 36.4 | K33: 33.1 | L33: 33.1 | M33: 27.6 | N33: =AVERAGE(J33,L33) -> 34.75 | O33: =AVERAGE(K33,M33) -> 30.35
A35: Monthly | I35: Monthly
A36: Infants | B36: =(B30/8)*2080/12 -> 1392.0833 | C36: =(C30/8)*2080/12 -> 1116.9167 | D36: =(D30/8)*2080/12 -> 879.66667 | E36: =(E30/8)*2080/12 -> 692.25 | F36: =(F30/8)*2080/12 -> 1135.875 | G36: =(G30/8)*2080/12 -> 904.58333 | I36: Infants | J36: =(J30/8)*2080/12 -> 848.25 | K36: =(K30/8)*2080/12 -> 729.08333 | L36: =(L30/8)*2080/12 -> 723.66667 | M36: =(M30/8)*2080/12 -> 598 | N36: =(N30/8)*2080/12 -> 785.95833 | O36: =(O30/8)*2080/12 -> 663.54167
A37: Toddlers | B37: =(B31/8)*2080/12 -> 1230.6667 | C37: =(C31/8)*2080/12 -> 979.3875 | D37: =(D31/8)*2080/12 -> 836.33333 | E37: =(E31/8)*2080/12 -> 667.33333 | F37: =(F31/8)*2080/12 -> 1033.5 | G37: =(G31/8)*2080/12 -> 823.36042 | I37: Toddlers | J37: =(J31/8)*2080/12 -> 836.33333 | K37: =(K31/8)*2080/12 -> 717.16667 | L37: =(L31/8)*2080/12 -> 717.16667 | M37: =(M31/8)*2080/12 -> 598 | N37: =(N31/8)*2080/12 -> 776.75 | O37: =(O31/8)*2080/12 -> 657.58333
A38: Preschool | B38: =(B32/8)*2080/12 -> 1066 | C38: =(C32/8)*2080/12 -> 824.41667 | D38: =(D32/8)*2080/12 -> 819 | E38: =(E32/8)*2080/12 -> 574.16667 | F38: =(F32/8)*2080/12 -> 942.5 | G38: =(G32/8)*2080/12 -> 699.29167 | I38: Preschool | J38: =(J32/8)*2080/12 -> 836.33333 | K38: =(K32/8)*2080/12 -> 717.16667 | L38: =(L32/8)*2080/12 -> 717.16667 | M38: =(M32/8)*2080/12 -> 598 | N38: =(N32/8)*2080/12 -> 776.75 | O38: =(O32/8)*2080/12 -> 657.58333
A39: School-age | B39: =(B33/8)*2080/12 -> 955.5 | C39: =(C33/8)*2080/12 -> 860.16667 | D39: =(D33/8)*2080/12 -> 853.66667 | E39: =(E33/8)*2080/12 -> 591.5 | F39: =(F33/8)*2080/12 -> 904.58333 | G39: =(G33/8)*2080/12 -> 725.83333 | I39: School-age | J39: =(J33/8)*2080/12 -> 788.66667 | K39: =(K33/8)*2080/12 -> 717.16667 | L39: =(L33/8)*2080/12 -> 717.16667 | M39: =(M33/8)*2080/12 -> 598 | N39: =(N33/8)*2080/12 -> 752.91667 | O39: =(O33/8)*2080/12 -> 657.58333
B41: =B28 -> Urban | D41: =D28 -> Rural | F41: Statewide | J41: =J28 -> Urban | L41: =L28 -> Rural | N41: Statewide
A42: Step 5 | B42: Full Day | C42: Half Day | D42: Full Day | E42: Half Day | F42: Full Day | G42: Half Day | I42: Step 5 | J42: Full Day | K42: Half Day | L42: Full Day | M42: Half Day | N42: Full Day | O42: Half Day
A43: Infants | B43: 67.45 | C43: 54.15 | D43: 42.65 | E43: =SUM((E30*5%),E30) -> 33.5475 | F43: =AVERAGE(B43,D43) -> 55.05 | G43: =AVERAGE(C43,E43) -> 43.84875 | I43: Infants | J43: 41.1 | K43: 35.35 | L43: 35.05 | M43: 28.95 | N43: =AVERAGE(J43,L43) -> 38.075 | O43: =AVERAGE(K43,M43) -> 32.15
A44: Toddlers | B44: 59.65 | C44: 47.5 | D44: 40.55 | E44: 32.3 | F44: =AVERAGE(B44,D44) -> 50.1 | G44: =AVERAGE(C44,E44) -> 39.9 | I44: Toddlers | J44: 40.55 | K44: 34.75 | L44: 34.75 | M44: 28.95 | N44: =AVERAGE(J44,L44) -> 37.65 | O44: =AVERAGE(K44,M44) -> 31.85
A45: Preschool | B45: 51.65 | C45: =SUM((C32*5%),C32) -> 39.9525 | D45: 39.75 | E45: 27.8 | F45: =AVERAGE(B45,D45) -> 45.7 | G45: =AVERAGE(C45,E45) -> 33.87625 | I45: Preschool | J45: 40.55 | K45: 34.75 | L45: 34.75 | M45: 28.95 | N45: =AVERAGE(J45,L45) -> 37.65 | O45: =AVERAGE(K45,M45) -> 31.85
A46: School-age | B46: 46.3 | C46: 41.7 | D46: 41.4 | E46: 28.7 | F46: =AVERAGE(B46,D46) -> 43.85 | G46: =AVERAGE(C46,E46) -> 35.2 | I46: School-age | J46: 38.25 | K46: 34.75 | L46: 34.75 | M46: 28.95 | N46: =AVERAGE(J46,L46) -> 36.5 | O46: =AVERAGE(K46,M46) -> 31.85
A48: Monthly | I48: Monthly
A49: Infants | B49: =(B43/8)*2080/12 -> 1461.4167 | C49: =(C43/8)*2080/12 -> 1173.25 | D49: =(D43/8)*2080/12 -> 924.08333 | E49: =(E43/8)*2080/12 -> 726.8625 | F49: =(F43/8)*2080/12 -> 1192.75 | G49: =(G43/8)*2080/12 -> 950.05625 | I49: Infants | J49: =(J43/8)*2080/12 -> 890.5 | K49: =(K43/8)*2080/12 -> 765.91667 | L49: =(L43/8)*2080/12 -> 759.41667 | M49: =(M43/8)*2080/12 -> 627.25 | N49: =(N43/8)*2080/12 -> 824.95833 | O49: =(O43/8)*2080/12 -> 696.58333
A50: Toddlers | B50: =(B44/8)*2080/12 -> 1292.4167 | C50: =(C44/8)*2080/12 -> 1029.1667 | D50: =(D44/8)*2080/12 -> 878.58333 | E50: =(E44/8)*2080/12 -> 699.83333 | F50: =(F44/8)*2080/12 -> 1085.5 | G50: =(G44/8)*2080/12 -> 864.5 | I50: Toddlers | J50: =(J44/8)*2080/12 -> 878.58333 | K50: =(K44/8)*2080/12 -> 752.91667 | L50: =(L44/8)*2080/12 -> 752.91667 | M50: =(M44/8)*2080/12 -> 627.25 | N50: =(N44/8)*2080/12 -> 815.75 | O50: =(O44/8)*2080/12 -> 690.08333
A51: Preschool | B51: =(B45/8)*2080/12 -> 1119.0833 | C51: =(C45/8)*2080/12 -> 865.6375 | D51: =(D45/8)*2080/12 -> 861.25 | E51: =(E45/8)*2080/12 -> 602.33333 | F51: =(F45/8)*2080/12 -> 990.16667 | G51: =(G45/8)*2080/12 -> 733.98542 | I51: Preschool | J51: =(J45/8)*2080/12 -> 878.58333 | K51: =(K45/8)*2080/12 -> 752.91667 | L51: =(L45/8)*2080/12 -> 752.91667 | M51: =(M45/8)*2080/12 -> 627.25 | N51: =(N45/8)*2080/12 -> 815.75 | O51: =(O45/8)*2080/12 -> 690.08333
A52: School-age | B52: =(B46/8)*2080/12 -> 1003.1667 | C52: =(C46/8)*2080/12 -> 903.5 | D52: =(D46/8)*2080/12 -> 897 | E52: =(E46/8)*2080/12 -> 621.83333 | F52: =(F46/8)*2080/12 -> 950.08333 | G52: =(G46/8)*2080/12 -> 762.66667 | I52: School-age | J52: =(J46/8)*2080/12 -> 828.75 | K52: =(K46/8)*2080/12 -> 752.91667 | L52: =(L46/8)*2080/12 -> 752.91667 | M52: =(M46/8)*2080/12 -> 627.25 | N52: =(N46/8)*2080/12 -> 790.83333 | O52: =(O46/8)*2080/12 -> 690.08333
A62: Infant means a child age 6 weeks to 18 months;
A63: Toddler means a child age 18 months to 3 years;
A64: Preschooler means a child age 3 or older who has not attended kindergarten; and
A65: School-ager means a child who attends kindergarten or above.
A69: URBAN
A70: Douglas
A71: Lancaster
A72: Sarpy
A73: Dakota

Sheet Tuition
A1: https://dhhs.ne.gov/Child%20Care%20Market%20Rate%20Surveys/2023%20Market%20Rate%20Survey%20Report.pdf
A3: 50th %ile | B3: Urban | C3: Rural | D3: Statewide | F3: 50th %ile | G3: Urban | H3: Rural | I3: Statewide
A4: Infants | B4: =B25*5*52/12 -> 1083.3333 | C4: =C25*5*52/12 -> 693.33333 | D4: =AVERAGE(B4:C4) -> 888.33333 | F4: Infants | G4: =G25*5*52/12 -> 693.33333 | H4: =H25*5*52/12 -> 599.3 | I4: =AVERAGE(G4:H4) -> 646.31667
A5: Toddlers | B5: =B26*5*52/12 -> 996.66667 | C5: =C26*5*52/12 -> 650 | D5: =AVERAGE(B5:C5) -> 823.33333 | F5: Toddlers | G5: =G26*5*52/12 -> 671.66667 | H5: =H26*5*52/12 -> 585 | I5: =AVERAGE(G5:H5) -> 628.33333
A6: Preschool | B6: =B27*5*52/12 -> 910 | C6: =C27*5*52/12 -> 628.33333 | D6: =AVERAGE(B6:C6) -> 769.16667 | F6: Preschool | G6: =G27*5*52/12 -> 671.66667 | H6: =H27*5*52/12 -> 585 | I6: =AVERAGE(G6:H6) -> 628.33333
A7: School-age | B7: =B28*5*52/12 -> 801.66667 | C7: =C28*5*52/12 -> 634.83333 | D7: =AVERAGE(B7:C7) -> 718.25 | F7: School-age | G7: =G28*5*52/12 -> 650 | H7: =H28*5*52/12 -> 565.28333 | I7: =AVERAGE(G7:H7) -> 607.64167
A9: 75th %ile | B9: =B3 -> Urban | C9: =C3 -> Rural | D9: =D3 -> Statewide | F9: 75th %ile | G9: =G3 -> Urban | H9: =H3 -> Rural | I9: =I3 -> Statewide
A10: Infants | B10: =B31*5*52/12 -> 1262.0833 | C10: =C31*5*52/12 -> 797.33333 | D10: =AVERAGE(B10:C10) -> 1029.7083 | F10: Infants | G10: =G31*5*52/12 -> 769.16667 | H10: =H31*5*52/12 -> 655.41667 | I10: =AVERAGE(G10:H10) -> 712.29167
A11: Toddlers | B11: =B32*5*52/12 -> 1115.8333 | C11: =C32*5*52/12 -> 758.33333 | D11: =AVERAGE(B11:C11) -> 937.08333 | F11: Toddlers | G11: =G32*5*52/12 -> 758.33333 | H11: =H32*5*52/12 -> 650 | I11: =AVERAGE(G11:H11) -> 704.16667
A12: Preschool | B12: =B33*5*52/12 -> 1007.7167 | C12: =C33*5*52/12 -> 743.16667 | D12: =AVERAGE(B12:C12) -> 875.44167 | F12: Preschool | G12: =G33*5*52/12 -> 758.33333 | H12: =H33*5*52/12 -> 650 | I12: =AVERAGE(G12:H12) -> 704.16667
A13: School-age | B13: =B34*5*52/12 -> 866.66667 | C13: =C34*5*52/12 -> 774.58333 | D13: =AVERAGE(B13:C13) -> 820.625 | F13: School-age | G13: =G34*5*52/12 -> 715 | H13: =H34*5*52/12 -> 650 | I13: =AVERAGE(G13:H13) -> 682.5
A16: 85th %ile | B16: =B9 -> Urban | C16: =C9 -> Rural | D16: Statewide | F16: 85th %ile | G16: =G9 -> Urban | H16: =H9 -> Rural | I16: Statewide
A17: Infants | B17: =B38*5*52/12 -> 1379.95 | C17: =C38*5*52/12 -> 859.73333 | D17: =AVERAGE(B17:C17) -> 1119.8417 | F17: Infants | G17: =G38*5*52/12 -> 823.33333 | H17: =H38*5*52/12 -> 704.16667 | I17: =AVERAGE(G17:H17) -> 763.75
A18: Toddlers | B18: =B39*5*52/12 -> 1284.4 | C18: =C39*5*52/12 -> 868.61667 | D18: =AVERAGE(B18:C18) -> 1076.5083 | F18: Toddlers | G18: =G39*5*52/12 -> 821.16667 | H18: =H39*5*52/12 -> 693.33333 | I18: =AVERAGE(G18:H18) -> 757.25
A19: Preschool | B19: =B40*5*52/12 -> 1170 | C19: =C40*5*52/12 -> 867.75 | D19: =AVERAGE(B19:C19) -> 1018.875 | F19: Preschool | G19: =G40*5*52/12 -> 777.83333 | H19: =H40*5*52/12 -> 670.58333 | I19: =AVERAGE(G19:H19) -> 724.20833
A20: School-age | B20: =B41*5*52/12 -> 979.33333 | C20: =C41*5*52/12 -> 905.01667 | D20: =AVERAGE(B20:C20) -> 942.175 | F20: School-age | G20: =G41*5*52/12 -> 790.83333 | H20: =H41*5*52/12 -> 650 | I20: =AVERAGE(G20:H20) -> 720.41667
A24: 50th %ile | B24: Urban | C24: Rural | D24: Statewide | F24: 50th %ile | G24: Urban | H24: Rural | I24: Statewide
A25: Infants | B25: =50 -> 50 | C25: 32 | D25: =AVERAGE(B25:C25) -> 41 | F25: Infants | G25: 32 | H25: 27.66 | I25: =AVERAGE(G25:H25) -> 29.83
A26: Toddlers | B26: 46 | C26: 30 | D26: =AVERAGE(B26:C26) -> 38 | F26: Toddlers | G26: 31 | H26: 27 | I26: =AVERAGE(G26:H26) -> 29
A27: Preschool | B27: 42 | C27: 29 | D27: =AVERAGE(B27:C27) -> 35.5 | F27: Preschool | G27: 31 | H27: 27 | I27: =AVERAGE(G27:H27) -> 29
A28: School-age | B28: 37 | C28: 29.3 | D28: =AVERAGE(B28:C28) -> 33.15 | F28: School-age | G28: 30 | H28: 26.09 | I28: =AVERAGE(G28:H28) -> 28.045
A30: 75th %ile | B30: =B24 -> Urban | C30: =C24 -> Rural | D30: =D24 -> Statewide | F30: 75th %ile | G30: =G24 -> Urban | H30: =H24 -> Rural | I30: =I24 -> Statewide
A31: Infants | B31: 58.25 | C31: 36.8 | D31: =AVERAGE(B31:C31) -> 47.525 | F31: Infants | G31: 35.5 | H31: 30.25 | I31: =AVERAGE(G31:H31) -> 32.875
A32: Toddlers | B32: 51.5 | C32: 35 | D32: =AVERAGE(B32:C32) -> 43.25 | F32: Toddlers | G32: 35 | H32: 30 | I32: =AVERAGE(G32:H32) -> 32.5
A33: Preschool | B33: 46.51 | C33: 34.3 | D33: =AVERAGE(B33:C33) -> 40.405 | F33: Preschool | G33: 35 | H33: 30 | I33: =AVERAGE(G33:H33) -> 32.5
A34: School-age | B34: 40 | C34: 35.75 | D34: =AVERAGE(B34:C34) -> 37.875 | F34: School-age | G34: 33 | H34: 30 | I34: =AVERAGE(G34:H34) -> 31.5
A37: 85th %ile | B37: =B30 -> Urban | C37: =C30 -> Rural | D37: Statewide | F37: 85th %ile | G37: =G30 -> Urban | H37: =H30 -> Rural | I37: Statewide
A38: Infants | B38: 63.69 | C38: 39.68 | D38: =AVERAGE(B38:C38) -> 51.685 | F38: Infants | G38: 38 | H38: 32.5 | I38: =AVERAGE(G38:H38) -> 35.25
A39: Toddlers | B39: 59.28 | C39: 40.09 | D39: =AVERAGE(B39:C39) -> 49.685 | F39: Toddlers | G39: 37.9 | H39: 32 | I39: =AVERAGE(G39:H39) -> 34.95
A40: Preschool | B40: 54 | C40: 40.05 | D40: =AVERAGE(B40:C40) -> 47.025 | F40: Preschool | G40: 35.9 | H40: 30.95 | I40: =AVERAGE(G40:H40) -> 33.425
A41: School-age | B41: 45.2 | C41: 41.77 | D41: =AVERAGE(B41:C41) -> 43.485 | F41: School-age | G41: 36.5 | H41: 30 | I41: =AVERAGE(G41:H41) -> 33.25

Sheet Fed CACFP
A1: CHILD AND ADULT CARE FOOD PROGRAM (CACFP) | F1: https://www.govinfo.gov/content/pkg/FR-2023-07-07/pdf/2023-14317.pdf | L1: UPDATED
A2: Per Meal Rates in Whole or Fractions of U.S. Dollars
A3: Effective from July 1, 2023 - June 30, 2024
A4: Centers | I4: DO NOT ALTER = used in formulas on other spreadsheets | Q4: https://www.federalregister.gov/documents/2021/07/07/2021-14435/child-and-adult-care-food-program-national-average-payment-rates-day-care-home-food-service-payment
A5: Family Income Eligibility | D5: Breakfast | E5: Lunch /Supper | F5: Snack | H5: Daily | J5: weekly
A6: 185% and up | B6: PAID | D6: 0.38 | E6: 0.4 | F6: 0.1 | H6: =SUM(D6,E6,2*F6) -> 0.98 | J6: =5*H6 -> 4.9
A7: <185% FPL | B7: REDUCED PRICE | D7: 1.98 | E7: 3.85 | F7: 0.58 | H7: =SUM(D7,E7,2*F7) -> 6.99 | J7: =5*H7 -> 34.95 | K7: =AVERAGE(J7:J8) -> 39.65
A8: <130% FPL | B8: FREE | D8: 2.28 | E8: 4.25 | F8: 1.17 | H8: =SUM(D8,E8,2*F8) -> 8.87 | J8: =5*H8 -> 44.35 | K8: =J8 -> 44.35
A12: Homes | B12: Tier I | D12: 1.65 | E12: 3.12 | F12: 0.93 | H12: =SUM(D12,E12,2*F12) -> 6.63 | J12: =5*H12 -> 33.15
B13: Tier II | D13: 0.59 | E13: 1.88 | F13: 0.25 | H13: =SUM(D13,E13,2*F13) -> 2.97 | J13: =5*H13 -> 14.85
H16: 1 breakfast,1 lunch or dinner and 2 snacks

Sheet Sheet1
B1: WCCC Region | C1: CCAWA Region
A2: Adams | B2: 1 | C2: Central | F2: WCCC
A3: Asotin | B3: 1 | C3: Eastern | F3: Region 1 | G3: Central & Eastern
A4: Chelan | B4: 1 | C4: Central | F4: Region 2 | G4: Eastern
A5: Douglas | B5: 1 | C5: Central | F5: Region 3 | G5: Northwest
A6: Ferry | B6: 1 | C6: Central | F6: Region 4 | G6: King & Pierce
A7: Garfield | B7: 1 | C7: Eastern | F7: Region 5 | G7: Olympic Peninsula
A8: Grant | B8: 1 | C8: Central | F8: Region 6 | G8: Olympic Peninsula & Southwest
A9: Lincoln | B9: 1 | C9: Eastern | F9: Sponane | G9: Eastern
A10: Okanogan | B10: 1 | C10: Central
A11: Pend Oreille | B11: 1 | C11: Eastern
A12: Stevens | B12: 1 | C12: Eastern
A13: Whitman | B13: 1 | C13: Eastern
A14: Benton | B14: 2 | C14: Eastern
A15: Columbia | B15: 2 | C15: Eastern
A16: Franklin | B16: 2 | C16: Eastern
A17: Kittitas | B17: 2 | C17: Central
A18: Walla Walla | B18: 2 | C18: Eastern
A19: Yakima | B19: 2 | C19: Central
A20: Island | B20: 3 | C20: Northwest
A21: San Juan | B21: 3 | C21: Northwest
... A39: Wahkiakum | B39: 6 | C39: Southwest
A40: Spokane | B40: Spokane | C40: Eastern
